Workbook
Name cassa: [1]riepilogo!#REF!
Name cassa: [1]riepilogo!#REF!
Name cassa: [1]riepilogo!#REF!
Name cassa: [2]riepilogo!#REF!
Name cassa: [1]riepilogo!#REF!
Name cassa: [1]riepilogo!#REF!

Sheet Bilancio riclassificato 2 liv.
A1: AUTORITA' DI REGOLAZIONE PER ENERGIA RETI E AMBIENTE | E1: PREVISIONI DEFINITIVE | F1: GESTIONE DI COMPETENZA | J1: GESTIONE DEI RESIDUI ATTIVI | O1: RIEPILOGO
A2: RENDICONTO DELLA GESTIONE PER L'ESERCIZIO 1 GENNAIO 2023 - 31 DICEMBRE 2023 | F2: SOMME ACCERTATE | J2: Residui all'inizio dell'esercizio | K2: Riscossi | L2: Rimasti da riscuotere | M2: Variazioni / residui insussistenti | N2: Residui finali dell'esercizio precednte
A3: Macro | B3: Livelli | C3: Voce | D3: Codice Capitolo | F3: Riscosse | G3: Rimaste da riscuotere | H3: Totale | I3: Differenze | O3: Totale incassi al 31/12/2023 | P3: Consistenza dei residui attivi al 31/12/2023
C4: AVANZO DI AMMINISTRAZIONE DISPONIBILE | E4: 8000000 | F4: 0 | G4: 0 | H4: 0 | I4: 5117387.1 | J4: ='bilancio riclassificato 5 liv.'!K4 -> 0 | K4: ='bilancio riclassificato 5 liv.'!L4 -> 0 | L4: ='bilancio riclassificato 5 liv.'!M4 -> 0 | M4: ='bilancio riclassificato 5 liv.'!N4 -> 0 | N4: =+L4+M4 -> 0 | O4: ='bilancio riclassificato 5 liv.'!P4 -> 0 | P4: ='bilancio riclassificato 5 liv.'!Q4 -> 0
A6: E | B6: I | C6: Entrate correnti di natura tributaria, contributiva e perequativa | D6: E.1.00.00.00.000 | E6: 82258087 | F6: 89285950 | G6: 0 | H6: 89285950 | I6: -7027863.4 | J6: ='bilancio riclassificato 3 liv.'!J6 -> 1788969.6 | K6: ='bilancio riclassificato 3 liv.'!K6 -> 1788969.6 | L6: ='bilancio riclassificato 3 liv.'!L6 -> 0 | M6: ='bilancio riclassificato 3 liv.'!M6 -> 0 | N6: ='bilancio riclassificato 3 liv.'!N6 -> 0 | O6: ='bilancio riclassificato 3 liv.'!O6 -> 91074920 | P6: ='bilancio riclassificato 3 liv.'!P6 -> 0
E7: 82258087 | F7: 89285950 | G7: 0 | H7: 89285950 | I7: -7027863.4 | J7: ='bilancio riclassificato 3 liv.'!J7 -> 1788969.6 | K7: ='bilancio riclassificato 3 liv.'!K7 -> 1788969.6 | L7: ='bilancio riclassificato 3 liv.'!L7 -> 0 | M7: ='bilancio riclassificato 3 liv.'!M7 -> 0 | N7: ='bilancio riclassificato 3 liv.'!N7 -> 0 | O7: ='bilancio riclassificato 3 liv.'!O7 -> 91074920 | P7: ='bilancio riclassificato 3 liv.'!P7 -> 0
A8: E | B8: I | C8: Trasferimenti correnti | D8: E.2.00.00.00.000 | E8: 0 | F8: 0 | G8: 0 | H8: 0 | I8: 0 | J8: ='bilancio riclassificato 5 liv.'!K24 -> 0 | K8: ='bilancio riclassificato 5 liv.'!L24 -> 0 | L8: ='bilancio riclassificato 5 liv.'!M24 -> 0 | M8: ='bilancio riclassificato 5 liv.'!N24 -> 0 | N8: =+L8+M8 -> 0 | O8: ='bilancio riclassificato 5 liv.'!P24 -> 0 | P8: ='bilancio riclassificato 5 liv.'!Q24 -> 0
A9: E | B9: II | C9: Trasferimenti correnti | D9: E.2.01.00.00.000 | E9: 0 | F9: 0 | G9: 0 | H9: 0 | I9: 0 | J9: ='bilancio riclassificato 5 liv.'!K25 -> 0 | K9: ='bilancio riclassificato 5 liv.'!L25 -> 0 | L9: ='bilancio riclassificato 5 liv.'!M25 -> 0 | M9: ='bilancio riclassificato 5 liv.'!N25 -> 0 | N9: =+L9+M9 -> 0 | O9: ='bilancio riclassificato 5 liv.'!P25 -> 0 | P9: ='bilancio riclassificato 5 liv.'!Q25 -> 0
A10: E | B10: I | C10: Entrate extratributarie | D10: E.3.00.00.00.000 | E10: 55066000 | F10: 55127477 | G10: 1463.5 | H10: 55128941 | I10: -62940.65 | J10: ='bilancio riclassificato 5 liv.'!K37 -> 354792.26 | K10: ='bilancio riclassificato 5 liv.'!L37 -> 934.4 | L10: ='bilancio riclassificato 5 liv.'!M37 -> 353857.86 | M10: ='bilancio riclassificato 5 liv.'!N37 -> 0 | N10: =+L10+M10 -> 353857.86 | O10: ='bilancio riclassificato 5 liv.'!P37 -> 55128412 | P10: ='bilancio riclassificato 5 liv.'!Q37 -> 355321.36
A11: E | B11: II | C11: Interessi attivi | D11: E.3.03.00.00.000 | E11: 6000 | F11: 7009.59 | G11: 1463.5 | H11: 8473.09 | I11: -2473.09 | J11: ='bilancio riclassificato 5 liv.'!K47 -> 934.4 | K11: ='bilancio riclassificato 5 liv.'!L47 -> 934.4 | L11: ='bilancio riclassificato 5 liv.'!M47 -> 0 | M11: ='bilancio riclassificato 5 liv.'!N47 -> 0 | N11: =+L11+M11 -> 0 | O11: ='bilancio riclassificato 5 liv.'!P47 -> 7943.99 | P11: ='bilancio riclassificato 5 liv.'!Q47 -> 1463.5
A12: E | B12: II | C12: Rimborsi e altre entrate correnti | D12: E.3.05.00.00.000 | E12: 55060000 | F12: 55120468 | G12: 0 | H12: 55120468 | I12: -60467.56 | J12: ='bilancio riclassificato 5 liv.'!K60 -> 353857.86 | K12: ='bilancio riclassificato 5 liv.'!L60 -> 0 | L12: ='bilancio riclassificato 5 liv.'!M60 -> 353857.86 | M12: ='bilancio riclassificato 5 liv.'!N60 -> 0 | N12: =+L12+M12 -> 353857.86 | O12: ='bilancio riclassificato 5 liv.'!P60 -> 55120468 | P12: ='bilancio riclassificato 5 liv.'!Q60 -> 353857.86
A13: E | B13: I | C13: Entrate per conto terzi e partite di giro | D13: E.9.00.00.00.000 | E13: 18930000 | F13: 18521011 | G13: 35133.63 | H13: 18556145 | I13: 373854.92 | J13: ='bilancio riclassificato 5 liv.'!K196 -> 22177.29 | K13: ='bilancio riclassificato 5 liv.'!L196 -> 1149.81 | L13: ='bilancio riclassificato 5 liv.'!M196 -> 21027.48 | M13: ='bilancio riclassificato 5 liv.'!N196 -> -21027.48 | N13: =+L13+M13 -> 0 | O13: ='bilancio riclassificato 5 liv.'!P196 -> 18522161 | P13: ='bilancio riclassificato 5 liv.'!Q196 -> 35133.63
A14: E | B14: II | C14: Entrate per partite di giro | D14: E.9.01.00.00.000 | E14: 18930000 | F14: 18521011 | G14: 35133.63 | H14: 18556145 | I14: 373854.92 | J14: ='bilancio riclassificato 5 liv.'!K197 -> 22177.29 | K14: ='bilancio riclassificato 5 liv.'!L197 -> 1149.81 | L14: ='bilancio riclassificato 5 liv.'!M197 -> 21027.48 | M14: ='bilancio riclassificato 5 liv.'!N197 -> -21027.48 | N14: =+L14+M14 -> 0 | O14: ='bilancio riclassificato 5 liv.'!P197 -> 18522161 | P14: ='bilancio riclassificato 5 liv.'!Q197 -> 35133.63
C15: TOTALE ENTRATE | E15: 1.6425409e+08 | F15: 1.6293444e+08 | G15: 36597.13 | H15: 1.6297104e+08 | I15: -1599562 | J15: =+J13+J10+J8+J4+J6 -> 2165939.1 | K15: =+K13+K10+K8+K4+K6 -> 1791053.8 | L15: =+L13+L10+L8+L4+L6 -> 374885.34 | M15: =+M13+M10+M8+M4+M6 -> -21027.48 | N15: =+N13+N10+N8+N4+N6 -> 353857.86 | O15: =+O13+O10+O8+O4+O6 -> 1.6472549e+08 | P15: =+P13+P10+P8+P4+P6 -> 390454.99
E16: 0 | F16: 0 | G16: 0 | H16: 0 | I16: 0 | J16: =+J15-[1]riepilogo!I26 -> 0 | K16: =+K15-[1]riepilogo!J26 -> 0 | L16: =+L15-[1]riepilogo!K26 -> 0 | M16: =+M15-[1]riepilogo!M26 -> 0 | O16: =+O15-[1]riepilogo!N26 -> 0 | P16: =+P15-[1]riepilogo!O26 -> 0
E17: #REF! | F17: #REF! | G17: #REF! | H17: #REF! | I17: #REF! | J17: =#REF! -> #REF! | K17: =#REF! -> #REF! | L17: =#REF! -> #REF! | M17: =#REF! -> #REF! | O17: =#REF! -> #REF! | P17: =#REF! -> #REF!
E18: #REF! | F18: #REF! | G18: #REF! | H18: #REF! | I18: #REF! | J18: =+J15-J17 -> #REF! | K18: =+K15-K17 -> #REF! | L18: =+L15-L17 -> #REF! | M18: =+M15-M17 -> #REF! | O18: =+O15-O17 -> #REF! | P18: =+P15-P17 -> #REF!
A20: AUTORITA' DI REGOLAZIONE PER ENERGIA RETI E AMBIENTE | E20: PREVISIONI DEFINITIVE | F20: GESTIONE DI COMPETENZA | J20: GESTIONE DEI RESIDUI PASSIVI | O20: RIEPILOGO
A21: RENDICONTO DELLA GESTIONE PER L'ESERCIZIO 1 GENNAIO 2023 - 31 DICEMBRE 2023 | F21: SOMME IMPEGNATE | J21: Residui all'inizio dell'esercizio | K21: Pagate | L21: Rimasti da pagare | M21: Variazioni / residui insussistenti | N21: Residui finali dell'esercizio precednte
A22: Macro | B22: Livelli | C22: Voce | D22: Codice Capitolo | F22: Pagate | G22: Rimaste da pagare | H22: Totale | I22: Differenze | O22: Totale pagamenti al 31/12/2023 | P22: Consistenza dei residui passivi al 31/12/2023
A23: U | B23: I | C23: Spese correnti | D23: U.1.00.00.00.000 | E23: 1.3877409e+08 | F23: 64055757 | G23: 60326495 | H23: 1.2438225e+08 | I23: 14391834 | J23: =SUM(J24:J34) -> 6920353.7 | K23: =SUM(K24:K34) -> 4905953.2 | L23: =SUM(L24:L34) -> 2014400.4 | M23: =SUM(M24:M34) -> -1161339.4 | N23: =+L23+M23 -> 853060.99 | O23: =SUM(O24:O34) -> 68961710 | P23: =SUM(P24:P34) -> 61179556
A24: U | B24: II | C24: Redditi da lavoro dipendente | D24: U.1.01.00.00.000 | E24: 54586000 | F24: 43147554 | G24: 892156.98 | H24: 44039711 | I24: 10546289 | J24: ='bilancio riclassificato 5 liv.'!K247 -> 765224.49 | K24: ='bilancio riclassificato 5 liv.'!L247 -> 765224.49 | L24: ='bilancio riclassificato 5 liv.'!M247 -> 0 | M24: ='bilancio riclassificato 5 liv.'!N247 -> 0 | N24: =+L24+M24 -> 0 | O24: ='bilancio riclassificato 5 liv.'!P247 -> 43912779 | P24: ='bilancio riclassificato 5 liv.'!Q247 -> 892156.98
A25: U | B25: II | C25: Imposte e tasse a carico dell'ente | D25: U.1.02.00.00.000 | E25: 3695000 | F25: 2375280.1 | G25: 430342.53 | H25: 2805622.6 | I25: 889377.39 | J25: ='bilancio riclassificato 5 liv.'!K274 -> 408557.98 | K25: ='bilancio riclassificato 5 liv.'!L274 -> 408557.98 | L25: ='bilancio riclassificato 5 liv.'!M274 -> 0 | M25: ='bilancio riclassificato 5 liv.'!N274 -> 0 | N25: =+L25+M25 -> 0 | O25: ='bilancio riclassificato 5 liv.'!P274 -> 2783838.1 | P25: ='bilancio riclassificato 5 liv.'!Q274 -> 430342.53
A26: U | B26: II | C26: Acquisto di beni e servizi | D26: U.1.03.00.00.000 | E26: 16197000 | F26: 10021365 | G26: 3824025 | H26: 13845390 | I26: 2351610 | J26: ='bilancio riclassificato 5 liv.'!K284 -> 4851020.3 | K26: ='bilancio riclassificato 5 liv.'!L284 -> 2836619.8 | L26: ='bilancio riclassificato 5 liv.'!M284 -> 2014400.4 | M26: ='bilancio riclassificato 5 liv.'!N284 -> -1161339.4 | N26: =+L26+M26 -> 853060.99 | O26: ='bilancio riclassificato 5 liv.'!P284 -> 12857985 | P26: ='bilancio riclassificato 5 liv.'!Q284 -> 4677086
A27: U | B27: II | C27: Trasferimenti correnti | D27: U.1.04.00.00.000 | E27: 8080826.9 | F27: 8075892.2 | G27: 0 | H27: 8075892.2 | I27: 4934.66 | J27: ='bilancio riclassificato 5 liv.'!K388 -> 0 | K27: ='bilancio riclassificato 5 liv.'!L388 -> 0 | L27: ='bilancio riclassificato 5 liv.'!M388 -> 0 | M27: ='bilancio riclassificato 5 liv.'!N388 -> 0 | N27: =+L27+M27 -> 0 | O27: ='bilancio riclassificato 5 liv.'!P388 -> 8075892.2 | P27: ='bilancio riclassificato 5 liv.'!Q388 -> 0
A28: U | B28: III | C28: Trasferimenti correnti a Famiglie | D28: U.1.04.02.00.000 | N28: =+L28+M28 -> 0
A29: U | B29: III | C29: Trasferimenti correnti a Imprese | D29: U.1.04.03.00.000 | N29: =+L29+M29 -> 0
A30: U | B30: III | C30: Trasferimenti correnti a Istituzioni Sociali Private | D30: U.1.04.04.00.000 | N30: =+L30+M30 -> 0
A31: U | B31: III | C31: Trasferimenti correnti versati all'Unione Europea e al Resto del Mondo | D31: U.1.04.05.00.000 | N31: =+L31+M31 -> 0
A32: U | B32: II | C32: Trasferimenti di tributi | D32: U.1.05.00.00.000 | E32: 260 | F32: 241.25 | G32: 0 | H32: 241.25 | I32: 18.75 | J32: ='bilancio riclassificato 5 liv.'!K400 -> 70.73 | K32: ='bilancio riclassificato 5 liv.'!L400 -> 70.73 | L32: ='bilancio riclassificato 5 liv.'!M400 -> 0 | M32: ='bilancio riclassificato 5 liv.'!N400 -> 0 | N32: =+L32+M32 -> 0 | O32: ='bilancio riclassificato 5 liv.'!P400 -> 311.98 | P32: ='bilancio riclassificato 5 liv.'!Q400 -> 0
A33: U | B33: II | C33: Rimborsi e poste correttive delle entrate | D33: U.1.09.00.00.000 | E33: 55580000 | F33: 379693.64 | G33: 55179971 | H33: 55559664 | I33: 20335.6 | J33: ='bilancio riclassificato 5 liv.'!K404 -> 895480.2 | K33: ='bilancio riclassificato 5 liv.'!L404 -> 895480.2 | L33: ='bilancio riclassificato 5 liv.'!M404 -> 0 | M33: ='bilancio riclassificato 5 liv.'!N404 -> 0 | N33: =+L33+M33 -> 0 | O33: ='bilancio riclassificato 5 liv.'!P404 -> 1275173.8 | P33: ='bilancio riclassificato 5 liv.'!Q404 -> 55179971
A34: U | B34: II | C34: Altre spese correnti | D34: U.1.10.00.00.000 | E34: 635000 | F34: 55730.85 | G34: 0 | H34: 55730.85 | I34: 579269.15 | J34: ='bilancio riclassificato 5 liv.'!K413 -> 0 | K34: ='bilancio riclassificato 5 liv.'!L413 -> 0 | L34: ='bilancio riclassificato 5 liv.'!M413 -> 0 | M34: ='bilancio riclassificato 5 liv.'!N413 -> 0 | N34: =+L34+M34 -> 0 | O34: ='bilancio riclassificato 5 liv.'!P413 -> 55730.85 | P34: ='bilancio riclassificato 5 liv.'!Q413 -> 0
A35: U | B35: I | C35: Spese in conto capitale | D35: U.2.00.00.00.000 | E35: 6550000 | F35: 562328.18 | G35: 199874.74 | H35: 762202.92 | I35: 5787797.1 | J35: =J36 -> 30559.89 | K35: =K36 -> 23291.19 | L35: =L36 -> 7268.7 | M35: =M36 -> -7268.7 | N35: =+L35+M35 -> 0 | O35: =O36 -> 585619.37 | P35: =P36 -> 199874.74
A36: U | B36: II | C36: Investimenti fissi lordi e acquisto di terreni | D36: U.2.02.00.00.000 | E36: 6550000 | F36: 562328.18 | G36: 199874.74 | H36: 762202.92 | I36: 5787797.1 | J36: ='bilancio riclassificato 5 liv.'!K443 -> 30559.89 | K36: ='bilancio riclassificato 5 liv.'!L443 -> 23291.19 | L36: ='bilancio riclassificato 5 liv.'!M443 -> 7268.7 | M36: ='bilancio riclassificato 5 liv.'!N443 -> -7268.7 | N36: =+L36+M36 -> 0 | O36: ='bilancio riclassificato 5 liv.'!P443 -> 585619.37 | P36: ='bilancio riclassificato 5 liv.'!Q443 -> 199874.74
A37: U | B37: I | C37: Uscite per conto terzi e partite di giro | D37: U.7.00.00.00.000 | E37: 18930000 | F37: 15893982 | G37: 2662162.8 | H37: 18556145 | I37: 373854.92 | J37: =J38 -> 2205593.6 | K37: =K38 -> 2164134.5 | L37: =L38 -> 41459.11 | M37: =M38 -> -41459.11 | N37: =+L37+M37 -> 0 | O37: =O38 -> 18058117 | P37: =P38 -> 2662162.8
A38: U | B38: II | C38: Uscite per partite di giro | D38: U.7.01.00.00.000 | E38: 18930000 | F38: 15893982 | G38: 2662162.8 | H38: 18556145 | I38: 373854.92 | J38: ='bilancio riclassificato 5 liv.'!K583 -> 2205593.6 | K38: ='bilancio riclassificato 5 liv.'!L583 -> 2164134.5 | L38: ='bilancio riclassificato 5 liv.'!M583 -> 41459.11 | M38: ='bilancio riclassificato 5 liv.'!N583 -> -41459.11 | N38: =+L38+M38 -> 0 | O38: ='bilancio riclassificato 5 liv.'!P583 -> 18058117 | P38: ='bilancio riclassificato 5 liv.'!Q583 -> 2662162.8
C39: TOTALE USCITE | E39: 1.6425409e+08 | F39: 80512068 | G39: 63188533 | H39: 1.437006e+08 | I39: 20553486 | J39: =J37+J35+J23 -> 9156507.1 | K39: =K37+K35+K23 -> 7093378.9 | L39: =L37+L35+L23 -> 2063128.2 | M39: =M37+M35+M23 -> -1210067.2 | N39: =N37+N35+N23 -> 853060.99 | O39: =+K39+F39 -> 87605446 | P39: =+G39+L39+M39 -> 64041594

Sheet bilancio riclassificato 3 liv.
A1: AUTORITA' DI REGOLAZIONE PER ENERGIA RETI E AMBIENTE | E1: PREVISIONI DEFINITIVE | F1: GESTIONE DI COMPETENZA | J1: GESTIONE DEI RESIDUI ATTIVI | O1: RIEPILOGO
A2: RENDICONTO DELLA GESTIONE PER L'ESERCIZIO 1 GENNAIO 2023 - 31 DICEMBRE 2023 | F2: SOMME ACCERTATE | J2: Residui all'inizio dell'esercizio | K2: Riscossi | L2: Rimasti da riscuotere | M2: Variazioni / residui insussistenti | N2: Residui finali dell'esercizio precednte
A3: Macro | B3: Livelli | C3: Voce | D3: Codice finale | F3: Riscosse | G3: Rimaste da riscuotere | H3: Totale | I3: Differenze | O3: Totale incassi al 31/12/2023 | P3: Consistenza dei residui attivi al 31/12/2023
C4: AVANZO DI AMMINISTRAZIONE DISPONIBILE | E4: 8000000 | F4: 0 | G4: 0 | H4: 0 | I4: 5117387.1 | J4: 0 | K4: 0 | L4: 0 | M4: 0 | N4: 0 | O4: 0 | P4: 0
A6: E | B6: I | C6: Entrate correnti di natura tributaria, contributiva e perequativa | D6: E.1.00.00.00.000 | E6: 82258087 | F6: 89285950 | G6: 0 | H6: 89285950 | I6: -7027863.4 | J6: 1788969.6 | K6: 1788969.6 | L6: 0 | M6: 0 | N6: 0 | O6: 91074920 | P6: 0
A7: E | B7: II | C7: Tributi | D7: E.1.01.00.00.000 | E7: 82258087 | F7: 89285950 | G7: 0 | H7: 89285950 | I7: -7027863.4 | J7: 1788969.6 | K7: 1788969.6 | L7: 0 | M7: 0 | N7: 0 | O7: 91074920 | P7: 0
A8: E | B8: III | C8: Imposte, tasse e proventi assimilati | D8: E.1.01.01.00.000 | E8: 82258087 | F8: 89285950 | G8: 0 | H8: 89285950 | I8: -7027863.4 | J8: 1788969.6 | K8: 1788969.6 | L8: 0 | M8: 0 | N8: 0 | O8: 91074920 | P8: 0
A9: E | B9: I | C9: Trasferimenti correnti | D9: E.2.00.00.00.000 | E9: 0 | F9: 0 | G9: 0 | H9: 0 | I9: 0 | J9: 0 | K9: 0 | L9: 0 | M9: 0 | N9: 0 | O9: 0 | P9: 0
A10: E | B10: II | C10: Trasferimenti correnti | D10: E.2.01.00.00.000 | E10: 0 | F10: 0 | G10: 0 | H10: 0 | I10: 0 | J10: 0 | K10: 0 | L10: 0 | M10: 0 | N10: 0 | O10: 0 | P10: 0
A11: E | B11: III | C11: Trasferimenti correnti da Amministrazioni pubbliche | D11: E.2.01.01.00.000 | E11: 0 | F11: 0 | G11: 0 | H11: 0 | I11: 0 | J11: 0 | K11: 0 | L11: 0 | M11: 0 | N11: 0 | O11: 0 | P11: 0
A12: E | B12: IV | C12: Trasferimenti correnti da Amministrazioni Centrali | D12: E.2.01.01.01.000 | E12: 0 | F12: 0 | G12: 0 | H12: 0 | I12: 0 | J12: 0 | K12: 0 | L12: 0 | M12: 0 | N12: 0 | O12: 0 | P12: 0
A13: E | B13: I | C13: Entrate extratributarie | D13: E.3.00.00.00.000 | E13: 55066000 | F13: 55127477 | G13: 1463.5 | H13: 55128941 | I13: -62940.65 | J13: 354792.26 | K13: 934.4 | L13: 353857.86 | M13: 0 | N13: 353857.86 | O13: 55128412 | P13: 355321.36
A14: E | B14: II | C14: Interessi attivi | D14: E.3.03.00.00.000 | E14: 6000 | F14: 7009.59 | G14: 1463.5 | H14: 8473.09 | I14: -2473.09 | J14: 934.4 | K14: 934.4 | L14: 0 | M14: 0 | N14: 0 | O14: 7943.99 | P14: 1463.5
A15: E | B15: III | C15: Altri interessi attivi | D15: E.3.03.03.00.000 | E15: 6000 | F15: 7009.59 | G15: 1463.5 | H15: 8473.09 | I15: -2473.09 | J15: 934.4 | K15: 934.4 | L15: 0 | M15: 0 | N15: 0 | O15: 7943.99 | P15: 1463.5
A16: E | B16: II | C16: Rimborsi e altre entrate correnti | D16: E.3.05.00.00.000 | E16: 55060000 | F16: 55120468 | G16: 0 | H16: 55120468 | I16: -60467.56 | J16: 353857.86 | K16: 0 | L16: 353857.86 | M16: 0 | N16: 353857.86 | O16: 55120468 | P16: 353857.86
A17: E | B17: III | C17: Rimborsi in entrata | D17: E.3.05.02.00.000 | E17: 55060000 | F17: 55120468 | G17: 0 | H17: 55120468 | I17: -60467.56 | J17: 0 | K17: 0 | L17: 0 | M17: 0 | N17: 0 | O17: 55120468 | P17: 0
... A33: E | B33: III | C33: Altre entrate per partite di giro | D33: E.9.01.99.00.000 | E33: 290000 | F33: 647087 | G33: 0 | H33: 647087 | I33: -357087 | J33: 0 | K33: 0 | L33: 0 | M33: 0 | N33: 0 | O33: 647087 | P33: 0
A34: E | B34: IV | C34: Entrate a seguito di spese non andate a buon fine | D34: E.9.01.99.01.000 | E34: 20000 | F34: 18796.99 | G34: 0 | H34: 18796.99 | I34: 1203.01 | J34: 0 | K34: 0 | L34: 0 | M34: 0 | O34: 18796.99 | P34: 0
A35: E | B35: IV | C35: Rimborso di fondi economali e carte aziendali | D35: E.9.01.99.03.000 | E35: 60000 | F35: 0 | G35: 0 | H35: 0 | I35: 60000 | J35: 0 | K35: 0 | L35: 0 | M35: 0 | O35: 0 | P35: 0
A36: E | B36: IV | C36: Altre entrate per partite di giro diverse | D36: E.9.01.99.99.000 | E36: 210000 | F36: 628290.01 | G36: 0 | H36: 628290.01 | I36: -418290.01 | J36: 0 | K36: 0 | L36: 0 | M36: 0 | N36: 0 | O36: 628290.01 | P36: 0
C37: TOTALE ENTRATE | E37: 1.6425409e+08 | F37: 1.6293444e+08 | G37: 36597.13 | H37: 1.6297104e+08 | I37: -1599562 | J37: 2165939.1 | K37: 1791053.8 | L37: 374885.34 | M37: -21027.48 | N37: 353857.86 | O37: 1.6472549e+08 | P37: 390454.99
A39: AUTORITA' DI REGOLAZIONE PER ENERGIA RETI E AMBIENTE | E39: PREVISIONI DEFINITIVE | F39: GESTIONE DI COMPETENZA | J39: GESTIONE DEI RESIDUI PASSIVI | O39: RIEPILOGO
A40: RENDICONTO DELLA GESTIONE PER L'ESERCIZIO 1 GENNAIO 2023 - 31 DICEMBRE 2023 | F40: SOMME IMPEGNATE | J40: Residui all'inizio dell'esercizio | K40: Pagate | L40: Rimasti da pagare | M40: Variazioni / residui insussistenti | N40: Residui finali dell'esercizio precednte
A41: Macro | B41: Livelli | C41: Voce | D41: Codice finale | F41: Pagate | G41: Rimaste da pagare | H41: Totale | I41: Differenze | O41: Totale pagamenti al 31/12/2023 | P41: Consistenza dei residui passivi al 31/12/2023
A42: U | B42: I | C42: Spese correnti | D42: U.1.00.00.00.000 | E42: 1.3877409e+08 | F42: 64055757 | G42: 60326495 | H42: 1.2438225e+08 | I42: 14391834 | J42: 6920353.7 | K42: 4905953.2 | L42: 2014400.4 | M42: -1161339.4 | N42: 853060.99 | O42: 68961710 | P42: 61179556
A43: U | B43: II | C43: Redditi da lavoro dipendente | D43: U.1.01.00.00.000 | E43: 54586000 | F43: 43147554 | G43: 892156.98 | H43: 44039711 | I43: 10546289 | J43: 765224.49 | K43: 765224.49 | L43: 0 | M43: 0 | N43: 0 | O43: 43912779 | P43: 892156.98
A44: U | B44: III | C44: Retribuzioni lorde | D44: U.1.01.01.00.000 | E44: 38036000 | F44: 33133716 | G44: 36893.33 | H44: 33170609 | I44: 4865390.7 | J44: 9331.06 | K44: 9331.06 | L44: 0 | M44: 0 | N44: 0 | O44: 33143047 | P44: 36893.33
A45: U | B45: IV | C45: Retribuzioni in denaro | D45: U.1.01.01.01.000 | E45: 35110000 | F45: 31308367 | G45: 13450.9 | H45: 31321818 | I45: 3788182.2 | J45: 9331.06 | K45: 9331.06 | L45: 0 | M45: 0 | N45: 0 | O45: 31317698 | P45: 13450.9
A46: U | B46: IV | C46: Altre spese per il personale | D46: U.1.01.01.02.000 | E46: 2926000 | F46: 1825349.1 | G46: 23442.43 | H46: 1848791.5 | I46: 1077208.5 | J46: 0 | K46: 0 | L46: 0 | M46: 0 | N46: 0 | O46: 1825349.1 | P46: 23442.43
A47: U | B47: III | C47: Contributi sociali a carico dell'ente | D47: U.1.01.02.00.000 | E47: 16550000 | F47: 10013838 | G47: 855263.65 | H47: 10869102 | I47: 5680898.3 | J47: 755893.43 | K47: 755893.43 | L47: 0 | M47: 0 | N47: 0 | O47: 10769732 | P47: 855263.65
A48: U | B48: IV | C48: Contributi sociali effettivi a carico dell'ente | D48: U.1.01.02.01.000 | E48: 11550000 | F48: 8886064.2 | G48: 855263.65 | H48: 9741327.9 | I48: 1808672.1 | J48: 755893.43 | K48: 755893.43 | L48: 0 | M48: 0 | N48: 0 | O48: 9641957.6 | P48: 855263.65
A49: U | B49: IV | C49: Contributi sociali figurativi | D49: U.1.01.02.02.000 | E49: 5000000 | F49: 1127773.9 | G49: 0 | H49: 1127773.9 | I49: 3872226.1 | J49: 0 | K49: 0 | L49: 0 | M49: 0 | N49: 0 | O49: 1127773.9 | P49: 0
A50: U | B50: II | C50: Imposte e tasse a carico dell'ente | D50: U.1.02.00.00.000 | E50: 3695000 | F50: 2375280.1 | G50: 430342.53 | H50: 2805622.6 | I50: 889377.39 | J50: 408557.98 | K50: 408557.98 | L50: 0 | M50: 0 | N50: 0 | O50: 2783838.1 | P50: 430342.53
A51: U | B51: III | C51: Imposte, tasse e proventi assimilati a carico dell'ente | D51: U.1.02.01.00.000 | E51: 3695000 | F51: 2375280.1 | G51: 430342.53 | H51: 2805622.6 | I51: 889377.39 | J51: 408557.98 | K51: 408557.98 | L51: 0 | M51: 0 | N51: 0 | O51: 2783838.1 | P51: 430342.53
A52: U | B52: IV | C52: Imposta regionale sulle attività produttive (IRAP) | D52: U.1.02.01.01.000 | E52: 3635000 | F52: 2339519.2 | G52: 430342.53 | H52: 2769861.7 | I52: 865138.26 | J52: 408557.98 | K52: 408557.98 | L52: 0 | M52: 0 | N52: 0 | O52: 2748077.2 | P52: 430342.53
A53: U | B53: IV | C53: Tassa e/o tariffa smaltimento rifiuti solidi urbani | D53: U.1.02.01.06.000 | E53: 60000 | F53: 35760.87 | G53: 0 | H53: 35760.87 | I53: 24239.13 | J53: 0 | K53: 0 | L53: 0 | M53: 0 | N53: 0 | O53: 35760.87 | P53: 0
... A122: U | B122: III | C122: Altre uscite per partite di giro | D122: U.7.01.99.00.000 | E122: 290000 | F122: 647087 | G122: 0 | H122: 647087 | I122: -357087 | J122: 0 | K122: 0 | L122: 0 | M122: 0 | N122: 0 | O122: 647087 | P122: 0
A123: U | B123: IV | C123: Spese non andate a buon fine | D123: U.7.01.99.01.000 | E123: 20000 | F123: 18796.99 | G123: 0 | H123: 18796.99 | I123: 1203.01 | J123: 0 | K123: 0 | L123: 0 | M123: 0 | O123: 18796.99 | P123: 0
A124: U | B124: IV | C124: Costituzione fondi economali e carte aziendali | D124: U.7.01.99.03.000 | E124: 60000 | F124: 0 | G124: 0 | H124: 0 | I124: 60000 | J124: 0 | K124: 0 | L124: 0 | M124: 0 | O124: 0 | P124: 0
A125: U | B125: IV | C125: Altre uscite per partite di giro diverse | D125: E.9.01.99.99.000 | E125: 210000 | F125: 628290.01 | G125: 0 | H125: 628290.01 | I125: -418290.01 | J125: 0 | K125: 0 | L125: 0 | M125: 0 | O125: 628290.01 | P125: 0
C126: TOTALE USCITE | E126: 1.6425409e+08 | F126: 80512068 | G126: 63188533 | H126: 1.437006e+08 | I126: 20553486 | J126: 9156507.1 | K126: 7093378.9 | L126: 2063128.2 | M126: -1210067.2 | N126: 853060.99 | O126: 87605446 | P126: 64041594

Sheet bilancio riclassificato 4 liv.
A1: AUTORITA' DI REGOLAZIONE PER ENERGIA RETI E AMBIENTE | E1: PREVISIONI DEFINITIVE | F1: GESTIONE DI COMPETENZA | J1: GESTIONE DEI RESIDUI ATTIVI | O1: RIEPILOGO
A2: RENDICONTO DELLA GESTIONE PER L'ESERCIZIO 1 GENNAIO 2023 - 31 DICEMBRE 2023 | F2: SOMME ACCERTATE | J2: Residui all'inizio dell'esercizio | K2: Riscossi | L2: Rimasti da riscuotere | M2: Variazioni / residui insussistenti | N2: Residui finali dell'esercizio precednte
A3: Macro | B3: Livelli | C3: Voce | D3: Codice finale | F3: Riscosse | G3: Rimaste da riscuotere | H3: Totale | I3: Differenze | O3: Totale incassi al 31/12/2023 | P3: Consistenza dei residui attivi al 31/12/2023
C4: AVANZO DI AMMINISTRAZIONE DISPONIBILE | E4: 8000000 | F4: 0 | G4: 0 | H4: 0 | I4: 5117387.1 | J4: 0 | K4: 0 | L4: 0 | M4: 0 | N4: 0 | O4: 0 | P4: 0
A6: E | B6: I | C6: Entrate correnti di natura tributaria, contributiva e perequativa | D6: E.1.00.00.00.000 | E6: 82258087 | F6: 89285950 | G6: 0 | H6: 89285950 | I6: -7027863.4 | J6: 1788969.6 | K6: 1788969.6 | L6: 0 | M6: 0 | N6: 0 | O6: 91074920 | P6: 0
A7: E | B7: II | C7: Tributi | D7: E.1.01.00.00.000 | E7: 82258087 | F7: 89285950 | G7: 0 | H7: 89285950 | I7: -7027863.4 | J7: 1788969.6 | K7: 1788969.6 | L7: 0 | M7: 0 | N7: 0 | O7: 91074920 | P7: 0
A8: E | B8: III | C8: Imposte, tasse e proventi assimilati | D8: E.1.01.01.00.000 | E8: 82258087 | F8: 89285950 | G8: 0 | H8: 89285950 | I8: -7027863.4 | J8: 1788969.6 | K8: 1788969.6 | L8: 0 | M8: 0 | N8: 0 | O8: 91074920 | P8: 0
A9: E | B9: IV | C9: Altre imposte, tasse e proventi assimilati n.a.c. | D9: E.1.01.01.99.000 | E9: 82258087 | F9: 89285950 | G9: 0 | H9: 89285950 | I9: -7027863.4 | J9: 1788969.6 | K9: 1788969.6 | L9: 0 | M9: 0 | N9: 0 | O9: 91074920 | P9: 0
A10: E | B10: I | C10: Trasferimenti correnti | D10: E.2.00.00.00.000 | E10: 0 | F10: 0 | G10: 0 | H10: 0 | I10: 0 | J10: 0 | K10: 0 | L10: 0 | M10: 0 | N10: 0 | O10: 0 | P10: 0
A11: E | B11: II | C11: Trasferimenti correnti | D11: E.2.01.00.00.000 | E11: 0 | F11: 0 | G11: 0 | H11: 0 | I11: 0 | J11: 0 | K11: 0 | L11: 0 | M11: 0 | N11: 0 | O11: 0 | P11: 0
A12: E | B12: III | C12: Trasferimenti correnti da Amministrazioni pubbliche | D12: E.2.01.01.00.000 | E12: 0 | F12: 0 | G12: 0 | H12: 0 | I12: 0 | J12: 0 | K12: 0 | L12: 0 | M12: 0 | N12: 0 | O12: 0 | P12: 0
A13: E | B13: IV | C13: Trasferimenti correnti da Amministrazioni Centrali | D13: E.2.01.01.01.000 | E13: 0 | F13: 0 | G13: 0 | H13: 0 | I13: 0 | J13: 0 | K13: 0 | L13: 0 | M13: 0 | N13: 0 | O13: 0 | P13: 0
A14: E | B14: III | C14: Trasferimenti correnti da Imprese | D14: E.2.01.03.00.000 | E14: 0 | F14: 0 | G14: 0 | H14: 0 | I14: 0 | J14: 0 | K14: 0 | L14: 0 | M14: 0 | N14: 0 | O14: 0 | P14: 0
A15: E | B15: IV | C15: Altri trasferimenti correnti da imprese | D15: E.2.01.03.02.000 | E15: 0 | F15: 0 | G15: 0 | H15: 0 | I15: 0 | J15: 0 | K15: 0 | L15: 0 | M15: 0 | N15: 0 | O15: 0 | P15: 0
A16: E | B16: I | C16: Entrate extratributarie | D16: E.3.00.00.00.000 | E16: 55066000 | F16: 55127477 | G16: 1463.5 | H16: 55128941 | I16: -62940.65 | J16: 354792.26 | K16: 934.4 | L16: 353857.86 | M16: 0 | N16: 353857.86 | O16: 55128412 | P16: 355321.36
A17: E | B17: II | C17: Interessi attivi | D17: E.3.03.00.00.000 | E17: 6000 | F17: 7009.59 | G17: 1463.5 | H17: 8473.09 | I17: -2473.09 | J17: 934.4 | K17: 934.4 | L17: 0 | M17: 0 | N17: 0 | O17: 7943.99 | P17: 1463.5
... A19: E | B19: IV | C19: Interessi attivi da conti di tesoreria | D19: E.3.03.03.03.000 | E19: 900 | F19: 0 | G19: 814.73 | H19: 814.73 | I19: 85.27 | J19: 272.03 | K19: 272.03 | L19: 0 | M19: 0 | N19: 0 | O19: 272.03 | P19: 814.73
C20: Interessi attivi da depositi bancari o postali | D20: E.3.03.03.04.000 | E20: 100 | F20: 1535.19 | G20: 648.77 | H20: 2183.96 | I20: -2083.96 | J20: 662.37 | K20: 662.37 | L20: 0 | M20: 0 | N20: 0 | O20: 2197.56 | P20: 648.77
A21: E | B21: IV | C21: Altri interessi attivi diversi | D21: E.3.03.03.99.000 | E21: 5000 | F21: 5474.4 | G21: 0 | H21: 5474.4 | I21: -474.4 | J21: 0 | K21: 0 | L21: 0 | M21: 0 | N21: 0 | O21: 5474.4 | P21: 0
A22: E | B22: II | C22: Rimborsi e altre entrate correnti | D22: E.3.05.00.00.000 | E22: 55060000 | F22: 55120468 | G22: 0 | H22: 55120468 | I22: -60467.56 | J22: 353857.86 | K22: 0 | L22: 353857.86 | M22: 0 | N22: 353857.86 | O22: 55120468 | P22: 353857.86
A23: E | B23: III | C23: Rimborsi in entrata | D23: E.3.05.02.00.000 | E23: 55060000 | F23: 55120468 | G23: 0 | H23: 55120468 | I23: -60467.56 | J23: 0 | K23: 0 | L23: 0 | M23: 0 | N23: 0 | O23: 55120468 | P23: 0
A24: E | B24: IV | C24: Rimborsi ricevuti per spese di personale (comando, distacco, fuori ruolo, convenzioni, ecc…) | D24: E.3.05.02.01.000 | E24: 0 | F24: 47475.59 | G24: 0 | H24: 47475.59 | I24: -47475.59 | J24: 0 | K24: 0 | L24: 0 | M24: 0 | N24: 0 | O24: 47475.59 | P24: 0
A25: E | B25: IV | C25: Entrate da rimborsi, recuperi e restituzioni di somme non dovute o incassate in eccesso | D25: E.3.05.02.03.000 | E25: 55060000 | F25: 55072992 | G25: 0 | H25: 55072992 | I25: -12991.97 | J25: 0 | K25: 0 | L25: 0 | M25: 0 | N25: 0 | O25: 55072992 | P25: 0
A26: E | B26: III | C26: Altre entrate correnti n.a.c. | D26: E.3.05.99.00.000 | E26: 0 | F26: 0 | G26: 0 | H26: 0 | I26: 0 | J26: 353857.86 | K26: 0 | L26: 353857.86 | M26: 0 | N26: 353857.86 | O26: 0 | P26: 353857.86
A27: E | B27: IV | C27: Altre entrate correnti n.a.c. | D27: E.3.05.99.99.000 | E27: 0 | F27: 0 | G27: 0 | H27: 0 | I27: 0 | J27: 353857.86 | K27: 0 | L27: 353857.86 | M27: 0 | N27: 353857.86 | O27: 0 | P27: 353857.86
A28: E | B28: I | C28: Entrate per conto terzi e partite di giro | D28: E.9.00.00.00.000 | E28: 18930000 | F28: 18521011 | G28: 35133.63 | H28: 18556145 | I28: 373854.92 | J28: 22177.29 | K28: 1149.81 | L28: 21027.48 | M28: -21027.48 | N28: 0 | O28: 18522161 | P28: 35133.63
A29: E | B29: II | C29: Entrate per partite di giro | D29: E.9.01.00.00.000 | E29: 18930000 | F29: 18521011 | G29: 35133.63 | H29: 18556145 | I29: 373854.92 | J29: 22177.29 | K29: 1149.81 | L29: 21027.48 | M29: -21027.48 | N29: 0 | O29: 18522161 | P29: 35133.63
A30: E | B30: III | C30: Altre ritenute | D30: E.9.01.01.00.000 | E30: 3010000 | F30: 2069173.5 | G30: 4673.61 | H30: 2073847.1 | I30: 936152.93 | J30: 2798.47 | K30: 1149.81 | L30: 1648.66 | M30: -1648.66 | N30: 0 | O30: 2070323.3 | P30: 4673.61
A31: E | B31: IV | C31: Ritenute per scissione contabile IVA (split payment) | D31: E.9.01.01.02.000 | E31: 2500000 | F31: 1927022.4 | G31: 0 | H31: 1927022.4 | I31: 572977.6 | J31: 0 | K31: 0 | L31: 0 | M31: 0 | N31: 0 | O31: 1927022.4 | P31: 0
A32: E | B32: IV | C32: Altre ritenute n.a.c. | D32: E.9.01.01.99.000 | E32: 510000 | F32: 142151.06 | G32: 4673.61 | H32: 146824.67 | I32: 363175.33 | J32: 2798.47 | K32: 1149.81 | L32: 1648.66 | M32: -1648.66 | N32: 0 | O32: 143300.87 | P32: 4673.61
... A44: E | B44: IV | C44: Altre entrate per partite di giro diverse | D44: E.9.01.99.99.000 | E44: 210000 | F44: 628290.01 | G44: 0 | H44: 628290.01 | I44: -418290.01 | J44: 0 | K44: 0 | L44: 0 | M44: 0 | N44: 0 | O44: 628290.01 | P44: 0
C45: TOTALE ENTRATE | E45: 1.6425409e+08 | F45: 1.6293444e+08 | G45: 36597.13 | H45: 1.6297104e+08 | I45: -1599562 | J45: 2165939.1 | K45: 1791053.8 | L45: 374885.34 | M45: -21027.48 | N45: 353857.86 | O45: 1.6472549e+08 | P45: 390454.99
A48: AUTORITA' DI REGOLAZIONE PER ENERGIA RETI E AMBIENTE | E48: PREVISIONI DEFINITIVE | F48: GESTIONE DI COMPETENZA | J48: GESTIONE DEI RESIDUI PASSIVI | O48: RIEPILOGO
A49: RENDICONTO DELLA GESTIONE PER L'ESERCIZIO 1 GENNAIO 2023 - 31 DICEMBRE 2023 | F49: SOMME IMPEGNATE | J49: Residui all'inizio dell'esercizio | K49: Pagate | L49: Rimasti da pagare | M49: Variazioni / residui insussistenti | N49: Residui finali dell'esercizio precednte
A50: Macro | B50: Livelli | C50: Voce | D50: Codice finale | F50: Pagate | G50: Rimaste da pagare | H50: Totale | I50: Differenze | O50: Totale pagamenti al 31/12/2023 | P50: Consistenza dei residui passivi al 31/12/2023
A51: U | B51: I | C51: Spese correnti | D51: U.1.00.00.00.000 | E51: 1.3877409e+08 | F51: 64055757 | G51: 60326495 | H51: 1.2438225e+08 | I51: 14391834 | J51: 6920353.7 | K51: 4905953.2 | L51: 2014400.4 | M51: -1161339.4 | N51: 853060.99 | O51: 68961710 | P51: 61179556
A52: U | B52: II | C52: Redditi da lavoro dipendente | D52: U.1.01.00.00.000 | E52: 54586000 | F52: 43147554 | G52: 892156.98 | H52: 44039711 | I52: 10546289 | J52: 765224.49 | K52: 765224.49 | L52: 0 | M52: 0 | N52: 0 | O52: 43912779 | P52: 892156.98
A53: U | B53: III | C53: Retribuzioni lorde | D53: U.1.01.01.00.000 | E53: 38036000 | F53: 33133716 | G53: 36893.33 | H53: 33170609 | I53: 4865390.7 | J53: 9331.06 | K53: 9331.06 | L53: 0 | M53: 0 | N53: 0 | O53: 33143047 | P53: 36893.33
A54: U | B54: IV | C54: Retribuzioni in denaro | D54: U.1.01.01.01.000 | E54: 35110000 | F54: 31308367 | G54: 13450.9 | H54: 31321818 | I54: 3788182.2 | J54: 9331.06 | K54: 9331.06 | L54: 0 | M54: 0 | N54: 0 | O54: 31317698 | P54: 13450.9
A55: U | B55: IV | C55: Altre spese per il personale | D55: U.1.01.01.02.000 | E55: 2926000 | F55: 1825349.1 | G55: 23442.43 | H55: 1848791.5 | I55: 1077208.5 | J55: 0 | K55: 0 | L55: 0 | M55: 0 | N55: 0 | O55: 1825349.1 | P55: 23442.43
A56: U | B56: III | C56: Contributi sociali a carico dell'ente | D56: U.1.01.02.00.000 | E56: 16550000 | F56: 10013838 | G56: 855263.65 | H56: 10869102 | I56: 5680898.3 | J56: 755893.43 | K56: 755893.43 | L56: 0 | M56: 0 | N56: 0 | O56: 10769732 | P56: 855263.65
A57: U | B57: IV | C57: Contributi sociali effettivi a carico dell'ente | D57: U.1.01.02.01.000 | E57: 11550000 | F57: 8886064.2 | G57: 855263.65 | H57: 9741327.9 | I57: 1808672.1 | J57: 755893.43 | K57: 755893.43 | L57: 0 | M57: 0 | N57: 0 | O57: 9641957.6 | P57: 855263.65
A58: U | B58: IV | C58: Contributi sociali figurativi | D58: U.1.01.02.02.000 | E58: 5000000 | F58: 1127773.9 | G58: 0 | H58: 1127773.9 | I58: 3872226.1 | J58: 0 | K58: 0 | L58: 0 | M58: 0 | N58: 0 | O58: 1127773.9 | P58: 0
A59: U | B59: II | C59: Imposte e tasse a carico dell'ente | D59: U.1.02.00.00.000 | E59: 3695000 | F59: 2375280.1 | G59: 430342.53 | H59: 2805622.6 | I59: 889377.39 | J59: 408557.98 | K59: 408557.98 | L59: 0 | M59: 0 | N59: 0 | O59: 2783838.1 | P59: 430342.53
A60: U | B60: III | C60: Imposte, tasse e proventi assimilati a carico dell'ente | D60: U.1.02.01.00.000 | E60: 3695000 | F60: 2375280.1 | G60: 430342.53 | H60: 2805622.6 | I60: 889377.39 | J60: 408557.98 | K60: 408557.98 | L60: 0 | M60: 0 | N60: 0 | O60: 2783838.1 | P60: 430342.53
A61: U | B61: IV | C61: Imposta regionale sulle attività produttive (IRAP) | D61: U.1.02.01.01.000 | E61: 3635000 | F61: 2339519.2 | G61: 430342.53 | H61: 2769861.7 | I61: 865138.26 | J61: 408557.98 | K61: 408557.98 | L61: 0 | M61: 0 | N61: 0 | O61: 2748077.2 | P61: 430342.53
A62: U | B62: IV | C62: Tassa e/o tariffa smaltimento rifiuti solidi urbani | D62: U.1.02.01.06.000 | E62: 60000 | F62: 35760.87 | G62: 0 | H62: 35760.87 | I62: 24239.13 | J62: 0 | K62: 0 | L62: 0 | M62: 0 | N62: 0 | O62: 35760.87 | P62: 0
... A135: U | B135: IV | C135: Altre uscite per partite di giro diverse | D135: E.9.01.99.99.000 | E135: 210000 | F135: 628290.01 | G135: 0 | H135: 628290.01 | I135: -418290.01 | J135: 0 | K135: 0 | L135: 0 | M135: 0 | N135: 0 | O135: 628290.01 | P135: 0
C136: TOTALE USCITE | E136: 1.6425409e+08 | F136: 80512068 | G136: 63188533 | H136: 1.437006e+08 | I136: 20553486 | J136: 9156507.1 | K136: 7093378.9 | L136: 2063128.2 | M136: -1210067.2 | N136: 853060.99 | O136: 87605446 | P136: 64041594

Sheet bilancio riclassificato 5 liv.
A1: AUTORITA' DI REGOLAZIONE PER ENERGIA RETI E AMBIENTE | D1: DESCRIZIONE CAPITOLO | F1: PREVISIONI DEFINITIVE | G1: GESTIONE DI COMPETENZA | K1: GESTIONE DEI RESIDUI ATTIVI | P1: RIEPILOGO
A2: RENDICONTO DELLA GESTIONE PER L'ESERCIZIO 1 GENNAIO 2023 - 31 DICEMBRE 2023 | G2: SOMME ACCERTATE | K2: Residui all'inizio dell'esercizio precedente | L2: Riscossi | M2: Rimasti da riscuotere | N2: Variazioni / residui insussistenti | O2: Residui finali dell'esercizio precednte
A3: Macro | B3: Livelli | C3: Voce | D3: Codice finale | E3: CAPITOLO ARERA | G3: Riscosse | H3: Rimaste da riscuotere | I3: Totale | J3: Differenze | P3: Totale incassi al 31/12/2023 | Q3: Consistenza dei residui attivi al 31/12/2023
C4: AVANZO DI AMMINISTRAZIONE DISPONIBILE | F4: 8000000 | H4: 0 | I4: 0 | J4: 5117387.1 | K4: 0 | L4: 0 | M4: 0 | N4: 0 | O4: 0 | P4: 0 | Q4: 0
C5: di cui utilizzo Avanzo accantonato Fondo compensazione entrate | F5: 0 | J5: 0
C6: di cui utilizzo Avanzo accantonato Fondo rischi e oneri | F6: 0 | G6: - | H6: 0 | I6: 0 | J6: 0 | K6: 0 | L6: 0 | M6: 0 | N6: 0 | O6: 0 | P6: 0 | Q6: 0
C7: di cui utilizzo Avanzo accantonato Fondo ristrutturazione immobile | F7: 5500000 | G7: - | H7: 0 | I7: 0 | J7: 5112452.5 | K7: 0 | L7: 0 | M7: 0 | N7: 0 | O7: 0 | P7: 0 | Q7: 0
C8: di cui utilizzo Fondo trattamento di quiescenza | F8: 2500000 | G8: - | I8: - | J8: 4934.66 | K8: 0 | L8: 0 | M8: 0 | N8: 0 | O8: 0 | P8: 0 | Q8: 0
A9: E | B9: I | C9: Entrate correnti di natura tributaria, contributiva e perequativa | D9: E.1.00.00.00.000 | F9: 82258087 | G9: 89285950 | H9: 0 | I9: 89285950 | J9: -7027863.4 | K9: 1788969.6 | L9: 1788969.6 | M9: 0 | N9: 0 | O9: 0 | P9: 91074920 | Q9: 0
A10: E | B10: II | C10: Tributi | D10: E.1.01.00.00.000 | F10: 82258087 | G10: 89285950 | H10: 0 | I10: 89285950 | J10: -7027863.4 | K10: 1788969.6 | L10: 1788969.6 | M10: 0 | N10: 0 | O10: 0 | P10: 91074920 | Q10: 0
A11: E | B11: III | C11: Imposte, tasse e proventi assimilati | D11: E.1.01.01.00.000 | F11: 82258087 | G11: 89285950 | H11: 0 | I11: 89285950 | J11: -7027863.4 | K11: 1788969.6 | L11: 1788969.6 | M11: 0 | N11: 0 | O11: 0 | P11: 91074920 | Q11: 0
A12: E | B12: IV | C12: Altre imposte, tasse e proventi assimilati n.a.c. | D12: E.1.01.01.99.000 | F12: 82258087 | G12: 89285950 | H12: 0 | I12: 89285950 | J12: -7027863.4 | K12: 1788969.6 | L12: 1788969.6 | M12: 0 | N12: 0 | O12: 0 | P12: 91074920 | Q12: 0
A13: E | B13: V | C13: Altre imposte, tasse e proventi assimilati n.a.c. riscosse a seguito dell'attività ordinaria di gestione | D13: E.1.01.01.99.001 | E13: 101.1 | F13: 81758087 | G13: 88868299 | H13: 0 | I13: 88868299 | J13: -7110212.1 | K13: 1788969.6 | L13: 1788969.6 | M13: 0 | N13: 0 | O13: 0 | P13: 90657269 | Q13: 0
A14: E | B14: V | C14: Altre imposte, tasse e proventi assimilati n.a.c. riscosse a seguito di attività di verifica e controllo | D14: E.1.01.01.99.002 | E14: 101.2 | F14: 500000 | G14: 417651.29 | H14: 0 | I14: 417651.29 | J14: 82348.71 | K14: 0 | L14: 0 | M14: 0 | N14: 0 | O14: 0 | P14: 417651.29 | Q14: 0
A15: E | B15: III | C15: Tributi destinati al finanziamento della sanità | D15: E.1.01.02.00.000 | J15: 0 | P15: 0 | Q15: 0
A16: E | B16: III | C16: Tributi devoluti e regolati alle autonomie speciali | D16: E.1.01.03.00.000 | J16: 0 | P16: 0 | Q16: 0
A17: E | B17: III | C17: Compartecipazioni di tributi | D17: E.1.01.04.00.000 | J17: 0 | P17: 0 | Q17: 0
A18: E | B18: II | C18: Contributi sociali e premi | D18: E.1.02.00.00.000 | J18: 0 | P18: 0 | Q18: 0
A19: E | B19: III | C19: Contributi sociali e premi a carico del datore di lavoro e dei lavoratori | D19: E.1.02.01.00.000 | J19: 0 | P19: 0 | Q19: 0
A20: E | B20: III | C20: Contributi sociali a carico delle persone non occupate | D20: E.1.02.02.00.000 | J20: 0 | P20: 0 | Q20: 0
A21: E | B21: II | C21: Fondi perequativi | D21: E.1.03.00.00.000 | J21: 0 | P21: 0 | Q21: 0
A22: E | B22: III | C22: Fondi perequativi da Amministrazioni Centrali | D22: E.1.03.01.00.000 | J22: 0 | P22: 0 | Q22: 0
A23: E | B23: III | C23: Fondi perequativi dalla Regione o Provincia autonoma | D23: E.1.03.02.00.000 | J23: 0 | P23: 0 | Q23: 0
A24: E | B24: I | C24: Trasferimenti correnti | D24: E.2.00.00.00.000 | F24: 0 | G24: 0 | H24: 0 | I24: 0 | J24: 0 | K24: 0 | L24: 0 | M24: 0 | N24: 0 | O24: 0 | P24: 0 | Q24: 0
A25: E | B25: II | C25: Trasferimenti correnti | D25: E.2.01.00.00.000 | F25: 0 | G25: 0 | H25: 0 | I25: 0 | J25: 0 | K25: 0 | L25: 0 | M25: 0 | N25: 0 | O25: 0 | P25: 0 | Q25: 0
A26: E | B26: III | C26: Trasferimenti correnti da Amministrazioni pubbliche | D26: E.2.01.01.00.000 | F26: 0 | G26: 0 | H26: 0 | I26: 0 | J26: 0 | K26: 0 | L26: 0 | M26: 0 | N26: 0 | O26: 0 | P26: 0 | Q26: 0
A27: E | B27: IV | C27: Trasferimenti correnti da Amministrazioni Centrali | D27: E.2.01.01.01.000 | F27: 0 | G27: 0 | H27: 0 | I27: 0 | J27: 0 | K27: 0 | L27: 0 | M27: 0 | N27: 0 | O27: 0 | P27: 0 | Q27: 0
A28: E | B28: V | C28: Trasferimenti correnti da autorità amministrative indipendenti | D28: E.2.01.01.01.010 | E28: 103.1 | F28: 0 | G28: 0 | H28: 0 | I28: 0 | J28: 0 | K28: 0 | L28: 0 | M28: 0 | N28: 0 | O28: 0 | P28: 0 | Q28: 0
A29: E | B29: III | C29: Trasferimenti correnti da Famiglie | D29: E.2.01.02.00.000 | J29: 0 | O29: 0 | P29: 0
A30: E | B30: III | C30: Trasferimenti correnti da Imprese | D30: E.2.01.03.00.000 | F30: 0 | G30: 0 | H30: 0 | I30: 0 | J30: 0 | K30: 0 | L30: 0 | M30: 0 | N30: 0 | O30: 0 | P30: 0 | Q30: 0
A31: E | B31: IV | C31: Altri trasferimenti correnti da imprese | D31: E.2.01.03.02.000 | F31: 0 | G31: 0 | H31: 0 | I31: 0 | J31: 0 | K31: 0 | L31: 0 | M31: 0 | N31: 0 | O31: 0 | P31: 0 | Q31: 0
A32: E | B32: V | C32: Altri trasferimenti correnti da altre imprese | D32: E.2.01.03.02.999 | E32: 101.1 - 101.2 | J32: 0 | L32: 0 | M32: 0 | N32: 0 | O32: 0 | P32: 0 | Q32: 0
A33: E | B33: III | C33: Trasferimenti correnti da Istituzioni Sociali Private | D33: E.2.01.04.00.000 | J33: 0 | O33: 0 | P33: 0 | Q33: 0
A34: E | B34: III | C34: Trasferimenti correnti dall'Unione Europea e dal Resto del Mondo | D34: E.2.01.05.00.000 | F34: 0 | G34: 0 | H34: 0 | I34: 0 | J34: 0 | K34: 0 | L34: 0 | M34: 0 | N34: 0 | O34: 0 | P34: 0 | Q34: 0
A35: E | B35: IV | C35: Trasferimenti correnti dall'Unione Europea | D35: E.2.01.05.01.000 | F35: 0 | G35: 0 | H35: 0 | I35: 0 | J35: 0 | K35: 0 | L35: 0 | M35: 0 | N35: 0 | O35: 0 | P35: 0 | Q35: 0
A36: E | B36: V | C36: Trasferimenti correnti dall'Unione Europea | D36: E.2.01.05.01.001 | E36: 104 | F36: 0 | G36: 0 | H36: 0 | I36: 0 | J36: 0 | K36: 0 | L36: 0 | M36: 0 | N36: 0 | O36: 0 | P36: 0 | Q36: 0
A37: E | B37: I | C37: Entrate extratributarie | D37: E.3.00.00.00.000 | F37: 55066000 | G37: 55127477 | H37: 1463.5 | I37: 55128941 | J37: -62940.65 | K37: 354792.26 | L37: 934.4 | M37: 353857.86 | N37: 0 | O37: 353857.86 | P37: 55128412 | Q37: 355321.36
A38: E | B38: II | C38: Vendita di beni e servizi e proventi derivanti dalla gestione dei beni | D38: E.3.01.00.00.000 | F38: 0 | G38: 0 | H38: 0 | I38: 0 | J38: 0 | K38: 0 | L38: 0 | M38: 0 | N38: 0 | O38: 0 | P38: 0 | Q38: 0
A39: E | B39: III | C39: Vendita di beni | D39: E.3.01.01.00.000 | J39: 0 | O39: 0 | P39: 0 | Q39: 0
A40: E | B40: III | C40: Entrate dalla vendita e dall'erogazione di servizi | D40: E.3.01.02.00.000 | J40: 0 | O40: 0 | P40: 0 | Q40: 0
A41: E | B41: III | C41: Proventi derivanti dalla gestione dei beni | D41: E.3.01.03.00.000 | J41: 0 | O41: 0 | P41: 0 | Q41: 0
A42: E | B42: II | C42: Proventi derivanti dall'attività di controllo e repressione delle irregolarità e degli illeciti | D42: E.3.02.00.00.000 | F42: 0 | G42: 0 | H42: 0 | I42: 0 | J42: 0 | K42: 0 | L42: 0 | M42: 0 | N42: 0 | O42: 0 | P42: 0 | Q42: 0
A43: E | B43: III | C43: Entrate da amministrazioni pubbliche derivanti dall'attività di controllo e repressione delle irregolarità e degli illeciti | D43: E.3.02.01.00.000 | J43: 0 | O43: 0 | P43: 0 | Q43: 0
A44: E | B44: III | C44: Entrate da famiglie derivanti dall'attività di controllo e repressione delle irregolarità e degli illeciti | D44: E.3.02.02.00.000 | J44: 0 | O44: 0 | P44: 0 | Q44: 0
A45: E | B45: III | C45: Entrate da Imprese derivanti dall'attività di controllo e repressione delle irregolarità e degli illeciti | D45: E.3.02.03.00.000 | J45: 0 | O45: 0 | P45: 0 | Q45: 0
A46: E | B46: III | C46: Entrate da Istituzioni Sociali Private derivanti dall'attività di controllo e repressione delle irregolarità e degli illeciti | D46: E.3.02.04.00.000 | J46: 0 | O46: 0 | P46: 0 | Q46: 0
A47: E | B47: II | C47: Interessi attivi | D47: E.3.03.00.00.000 | F47: 6000 | G47: 7009.59 | H47: 1463.5 | I47: 8473.09 | J47: -2473.09 | K47: 934.4 | L47: 934.4 | M47: 0 | N47: 0 | O47: 0 | P47: 7943.99 | Q47: 1463.5
A48: E | B48: III | C48: Altri interessi attivi | D48: E.3.03.03.00.000 | F48: 6000 | G48: 7009.59 | H48: 1463.5 | I48: 8473.09 | J48: -2473.09 | K48: 934.4 | L48: 934.4 | M48: 0 | N48: 0 | O48: 0 | P48: 7943.99 | Q48: 1463.5
A49: E | B49: IV | C49: Interessi attivi da conti di tesoreria | D49: E.3.03.03.03.000 | F49: 900 | G49: 0 | H49: 814.73 | I49: 814.73 | J49: 85.27 | K49: 272.03 | L49: 272.03 | M49: 0 | N49: 0 | O49: 0 | P49: 272.03 | Q49: 814.73
A50: E | B50: V | C50: Interessi attivi da conti di tesoreria | D50: E.3.03.03.03.001 | E50: 102.2 | F50: 900 | G50: 0 | H50: 814.73 | I50: 814.73 | J50: 85.27 | K50: 272.03 | L50: 272.03 | M50: 0 | N50: 0 | O50: 0 | P50: 272.03 | Q50: 814.73
A51: E | B51: IV | C51: Interessi attivi da depositi bancari o postali | D51: E.3.03.03.04.000 | F51: 100 | G51: 1535.19 | H51: 648.77 | I51: 2183.96 | J51: -2083.96 | K51: 662.37 | L51: 662.37 | M51: 0 | N51: 0 | O51: 0 | P51: 2197.56 | Q51: 648.77
A52: E | B52: V | C52: Interessi attivi da depositi bancari o postali | D52: E.3.03.03.04.001 | E52: 102.1 | F52: 100 | G52: 1535.19 | H52: 648.77 | I52: 2183.96 | J52: -2083.96 | K52: 662.37 | L52: 662.37 | M52: 0 | N52: 0 | O52: 0 | P52: 2197.56 | Q52: 648.77
A53: E | B53: IV | C53: Altri interessi attivi diversi | D53: E.3.03.03.99.000 | F53: 5000 | G53: 5474.4 | H53: 0 | I53: 5474.4 | J53: -474.4 | K53: 0 | L53: 0 | M53: 0 | N53: 0 | O53: 0 | P53: 5474.4 | Q53: 0
A54: E | B54: V | C54: Altri interessi attivi da altri soggetti | D54: E.3.03.03.99.999 | E54: 102.3 | F54: 5000 | G54: 5474.4 | H54: 0 | I54: 5474.4 | J54: -474.4 | K54: 0 | L54: 0 | M54: 0 | N54: 0 | O54: 0 | P54: 5474.4 | Q54: 0
A55: E | B55: II | C55: Altre entrate da redditi da capitale | D55: E.3.04.00.00.000 | J55: 0 | O55: 0 | P55: 0 | Q55: 0
A56: E | B56: III | C56: Rendimenti da fondi comuni di investimento | D56: E.3.04.01.00.000 | J56: 0 | O56: 0 | P56: 0 | Q56: 0
A57: E | B57: III | C57: Entrate derivanti dalla distribuzione di dividendi | D57: E.3.04.02.00.000 | J57: 0 | O57: 0 | P57: 0 | Q57: 0
A58: E | B58: III | C58: Entrate derivanti dalla distribuzione di utili e avanzi | D58: E.3.04.03.00.000 | J58: 0 | O58: 0 | P58: 0 | Q58: 0
A59: E | B59: III | C59: Altre entrate da redditi da capitale | D59: E.3.04.99.00.000 | J59: 0 | O59: 0 | P59: 0 | Q59: 0
A60: E | B60: II | C60: Rimborsi e altre entrate correnti | D60: E.3.05.00.00.000 | F60: 55060000 | G60: 55120468 | H60: 0 | I60: 55120468 | J60: -60467.56 | K60: 353857.86 | L60: 0 | M60: 353857.86 | N60: 0 | O60: 353857.86 | P60: 55120468 | Q60: 353857.86
A61: E | B61: III | C61: Rimborsi in entrata | D61: E.3.05.02.00.000 | F61: 55060000 | G61: 55120468 | H61: 0 | I61: 55120468 | J61: -60467.56 | K61: 0 | L61: 0 | M61: 0 | N61: 0 | O61: 0 | P61: 55120468 | Q61: 0
A62: E | B62: IV | C62: Rimborsi ricevuti per spese di personale (comando, distacco, fuori ruolo, convenzioni, ecc…) | D62: E.3.05.02.01.000 | F62: 0 | G62: 47475.59 | H62: 0 | I62: 47475.59 | J62: -47475.59 | K62: 0 | L62: 0 | M62: 0 | N62: 0 | O62: 0 | P62: 47475.59 | Q62: 0
A63: E | B63: V | C63: Rimborsi ricevuti per spese di personale (comando, distacco, fuori ruolo, convenzioni, ecc…) | D63: E.3.05.02.01.001 | E63: 104.1 | F63: 0 | G63: 47475.59 | H63: 0 | I63: 47475.59 | J63: -47475.59 | K63: 0 | L63: 0 | M63: 0 | N63: 0 | O63: 0 | P63: 47475.59 | Q63: 0
A64: E | B64: IV | C64: Entrate da rimborsi, recuperi e restituzioni di somme non dovute o incassate in eccesso | D64: E.3.05.02.03.000 | F64: 55060000 | G64: 55072992 | H64: 0 | I64: 55072992 | J64: -12991.97 | K64: 0 | L64: 0 | M64: 0 | N64: 0 | O64: 0 | P64: 55072992 | Q64: 0
A65: E | B65: V | C65: Entrate da rimborsi, recuperi e restituzioni di somme non dovute o incassate in eccesso da Famiglie | D65: E.3.05.02.03.004 | E65: 104.2 | F65: 10000 | G65: 237997.56 | H65: 0 | I65: 237997.56 | J65: -227997.56 | K65: 0 | L65: 0 | M65: 0 | N65: 0 | O65: 0 | P65: 237997.56 | Q65: 0
A66: E | B66: V | C66: Entrate da rimborsi, recuperi e restituzioni di somme non dovute o incassate in eccesso da Imprese | D66: E.3.05.02.03.005 | E66: 104.4 | F66: 55000000 | G66: 54767285 | H66: 0 | I66: 54767285 | J66: 232714.97 | K66: 0 | L66: 0 | M66: 0 | N66: 0 | O66: 0 | P66: 54767285 | Q66: 0
A67: E | B67: V | C67: Entrate da rimborsi, recuperi e restituzioni di somme non dovute o incassate in eccesso dal Resto del mondo | D67: E.3.05.02.03.008 | E67: 104.3 | F67: 50000 | G67: 67709.38 | H67: 0 | I67: 67709.38 | J67: -17709.38 | K67: 0 | L67: 0 | M67: 0 | N67: 0 | O67: 0 | P67: 67709.38 | Q67: 0
A68: E | B68: III | C68: Altre entrate correnti n.a.c. | D68: E.3.05.99.00.000 | F68: 0 | G68: 0 | H68: 0 | I68: 0 | J68: 0 | K68: 353857.86 | L68: 0 | M68: 353857.86 | N68: 0 | O68: 353857.86 | P68: 0 | Q68: 353857.86
A69: E | B69: IV | C69: Altre entrate correnti n.a.c. | D69: E.3.05.99.99.000 | F69: 0 | G69: 0 | H69: 0 | I69: 0 | J69: 0 | K69: 353857.86 | L69: 0 | M69: 353857.86 | N69: 0 | O69: 353857.86 | P69: 0 | Q69: 353857.86
A70: E | B70: V | C70: Altre entrate correnti n.a.c. | D70: E.3.05.99.99.999 | E70: 108.1 | F70: 0 | G70: 0 | H70: 0 | I70: 0 | J70: 0 | K70: 353857.86 | L70: 0 | M70: 353857.86 | N70: 0 | O70: 353857.86 | P70: 0 | Q70: 353857.86
A71: E | B71: I | C71: Entrate in conto capitale | D71: E.4.00.00.00.000 | F71: 0 | G71: 0 | H71: 0 | I71: 0 | J71: 0 | K71: 0 | L71: 0 | M71: 0 | N71: 0 | O71: 0 | P71: 0 | Q71: 0
A72: E | B72: II | C72: Tributi in conto capitale | D72: E.4.01.00.00.000 | J72: 0 | O72: 0 | P72: 0 | Q72: 0
A73: E | B73: III | C73: Imposte da sanatorie e condoni | D73: E.4.01.01.00.000 | J73: 0 | O73: 0 | P73: 0 | Q73: 0
A74: E | B74: III | C74: Altre imposte in conto capitale | D74: E.4.01.02.00.000 | J74: 0 | O74: 0 | P74: 0 | Q74: 0
A75: E | B75: II | C75: Contributi agli investimenti | D75: E.4.02.00.00.000 | J75: 0 | O75: 0 | P75: 0 | Q75: 0
A76: E | B76: III | C76: Contributi agli investimenti da amministrazioni pubbliche | D76: E.4.02.01.00.000 | J76: 0 | O76: 0 | P76: 0 | Q76: 0
A77: E | B77: III | C77: Contributi agli investimenti da Famiglie | D77: E.4.02.02.00.000 | J77: 0 | O77: 0 | P77: 0 | Q77: 0
A78: E | B78: III | C78: Contributi agli investimenti da Imprese | D78: E.4.02.03.00.000 | J78: 0 | O78: 0 | P78: 0 | Q78: 0
A79: E | B79: III | C79: Contributi agli investimenti da Istituzioni Sociali Private | D79: E.4.02.04.00.000 | J79: 0 | O79: 0 | P79: 0 | Q79: 0
A80: E | B80: III | C80: Contributi agli investimenti dall'Unione Europea e dal Resto del Mondo | D80: E.4.02.05.00.000 | J80: 0 | O80: 0 | P80: 0 | Q80: 0
A81: E | B81: III | C81: Contributi agli investimenti direttamente destinati al rimborso di prestiti da amministrazioni pubbliche | D81: E.4.02.06.00.000 | J81: 0 | O81: 0 | P81: 0 | Q81: 0
A82: E | B82: III | C82: Contributi agli investimenti direttamente destinati al rimborso di prestiti da Famiglie | D82: E.4.02.07.00.000 | J82: 0 | O82: 0 | P82: 0 | Q82: 0
A83: E | B83: III | C83: Contributi agli investimenti direttamente destinati al rimborso di prestiti da Imprese | D83: E.4.02.08.00.000 | J83: 0 | O83: 0 | P83: 0 | Q83: 0
... A103: E | B103: IV | C103: Alienazione di mobili e arredi | D103: E.4.04.01.03.000 | J103: 0 | O103: 0 | P103: 0 | Q103: 0
A104: E | B104: V | C104: Alienazione di mobili e arredi per ufficio | D104: E.4.04.01.03.001 | F104: 0 | J104: 0 | O104: 0 | P104: 0 | Q104: 0
A105: E | B105: IV | C105: Alienazione di impianti e macchinari | D105: E.4.04.01.04.000 | J105: 0 | O105: 0 | P105: 0 | Q105: 0
A106: E | B106: V | C106: Alienazione di Macchinari | D106: E.4.04.01.04.001 | F106: 0 | J106: 0 | O106: 0 | P106: 0 | Q106: 0
A107: E | B107: V | C107: Alienazione di impianti | D107: E.4.04.01.04.999 | F107: 0 | J107: 0 | O107: 0 | P107: 0 | Q107: 0
A108: E | B108: IV | C108: Alienazione di macchine per ufficio | D108: E.4.04.01.06.000 | J108: 0 | O108: 0 | P108: 0 | Q108: 0
A109: E | B109: V | C109: Alienazione di macchine per ufficio | D109: E.4.04.01.06.001 | F109: 0 | J109: 0 | O109: 0 | P109: 0 | Q109: 0
A110: E | B110: IV | C110: Alienazione di hardware | D110: E.4.04.01.07.000 | J110: 0 | O110: 0 | P110: 0 | Q110: 0
A111: E | B111: V | C111: Alienazione di server | D111: E.4.04.01.07.001 | F111: 0 | J111: 0 | O111: 0 | P111: 0 | Q111: 0
A112: E | B112: V | C112: Alienazione di postazioni di lavoro | D112: E.4.04.01.07.002 | F112: 0 | J112: 0 | O112: 0 | P112: 0 | Q112: 0
A113: E | B113: V | C113: Alienazione di apparati di telecomunicazione | D113: E.4.04.01.07.004 | F113: 0 | J113: 0 | O113: 0 | P113: 0 | Q113: 0
A114: E | B114: V | C114: Alienazione di hardware n.a.c. | D114: E.4.04.01.07.999 | F114: 0 | J114: 0 | O114: 0 | P114: 0 | Q114: 0
A115: E | B115: IV | C115: Alienazione di Beni immobili | D115: E.4.04.01.08.000 | J115: 0 | O115: 0 | P115: 0 | Q115: 0
A116: E | B116: V | C116: Alienazione di Fabbricati ad uso commerciale e istituzionale | D116: E.4.04.01.08.002 | F116: 0 | J116: 0 | O116: 0 | P116: 0 | Q116: 0
A117: E | B117: IV | C117: Alienazione di altri beni materiali | D117: E.4.04.01.99.000 | J117: 0 | O117: 0 | P117: 0 | Q117: 0
A118: E | B118: V | C118: Alienazione di Materiale bibliografico | D118: E.4.04.01.99.001 | F118: 0 | J118: 0 | O118: 0 | P118: 0 | Q118: 0
A119: E | B119: III | C119: Cessione di Terreni e di beni materiali non prodotti | D119: E.4.04.02.00.000 | J119: 0 | O119: 0 | P119: 0 | Q119: 0
...

Sheet variazioni eservizio precedente
A3: AUTORITA' DI REGOLAZIONE PER ENERGIA RETI E AMBIENTE | E3: RENDICONTO 2022 | F3: RENDICONTO 2023 | G3: Composizione entrate 2023 | I3: Variazioni esercizio precedente 2022 - 2023
A4: RENDICONTO DELLA GESTIONE PER L'ESERCIZIO 1 GENNAIO 2023 - 31 DICEMBRE 2023
A5: MACRO | B5: Livelli | C5: Voce | D5: Codice finale | I5: Variazione in € | J5: Variazioni in %
C6: AVANZO DI AMMINISTRAZIONE DISPONIBILE | E6: - | F6: - | G6: -
A8: E | B8: I | C8: Entrate correnti di natura tributaria, contributiva e perequativa | D8: E.1.00.00.00.000 | E8: 76087954 | F8: 89285950 | G8: 0.61826 | I8: 13197996 | J8: 0.1734571
A9: E | B9: II | C9: Tributi | D9: E.1.01.00.00.000 | E9: 76087954 | F9: 89285950 | G9: 0.61826 | I9: 13197996 | J9: 0.1734571
A10: E | B10: III | C10: Imposte, tasse e proventi assimilati | D10: E.1.01.01.00.000 | E10: 76087954 | F10: 89285950 | G10: 0.61826 | I10: 13197996 | J10: 0.1734571
A11: E | B11: IV | C11: Altre imposte, tasse e proventi assimilati n.a.c. | D11: E.1.01.01.99.000 | E11: 76087954 | F11: 89285950 | I11: 13197996 | J11: 0.1734571
A12: E | B12: V | C12: Altre imposte, tasse e proventi assimilati n.a.c. riscosse a seguito dell'attività ordinaria di gestione | D12: E.1.01.01.99.001 | E12: 74973663 | F12: 88868299 | I12: 13894637 | J12: 0.1853269
A13: E | B13: V | C13: Altre imposte, tasse e proventi assimilati n.a.c. riscosse a seguito di attività di verifica e controllo | D13: E.1.01.01.99.002 | E13: 1114291.8 | F13: 417651.29 | I13: -696640.46 | J13: -0.62518677
A14: E | B14: III | C14: Tributi destinati al finanziamento della sanità | D14: E.1.01.02.00.000 | J14: #DIV/0!
A15: E | B15: III | C15: Tributi devoluti e regolati alle autonomie speciali | D15: E.1.01.03.00.000 | J15: #DIV/0!
A16: E | B16: III | C16: Compartecipazioni di tributi | D16: E.1.01.04.00.000 | J16: #DIV/0!
A17: E | B17: II | C17: Contributi sociali e premi | D17: E.1.02.00.00.000 | J17: #DIV/0!
A18: E | B18: III | C18: Contributi sociali e premi a carico del datore di lavoro e dei lavoratori | D18: E.1.02.01.00.000 | J18: #DIV/0!
A19: E | B19: III | C19: Contributi sociali a carico delle persone non occupate | D19: E.1.02.02.00.000 | J19: #DIV/0!
A20: E | B20: II | C20: Fondi perequativi | D20: E.1.03.00.00.000 | J20: #DIV/0!
A21: E | B21: III | C21: Fondi perequativi da Amministrazioni Centrali | D21: E.1.03.01.00.000 | J21: #DIV/0!
A22: E | B22: III | C22: Fondi perequativi dalla Regione o Provincia autonoma | D22: E.1.03.02.00.000 | J22: #DIV/0!
A23: E | B23: I | C23: Trasferimenti correnti | D23: E.2.00.00.00.000 | E23: 0 | F23: 0 | G23: 0 | I23: 0 | J23: #DIV/0!
A24: E | B24: II | C24: Trasferimenti correnti | D24: E.2.01.00.00.000 | E24: 0 | F24: 0 | G24: 0 | I24: 0 | J24: 0
A25: E | B25: III | C25: Trasferimenti correnti da Amministrazioni pubbliche | D25: E.2.01.01.00.000 | E25: 0 | F25: 0 | G25: 0 | I25: 0 | J25: 0
A26: E | B26: IV | C26: Trasferimenti correnti da Amministrazioni Centrali | D26: E.2.01.01.01.000 | E26: 0 | F26: 0 | I26: 0 | J26: 0
A27: E | B27: V | C27: Trasferimenti correnti da autorità amministrative indipendenti | D27: E.2.01.01.01.010 | E27: 0 | F27: 0 | I27: 0 | J27: 0
A28: E | B28: III | C28: Trasferimenti correnti da Famiglie | D28: E.2.01.02.00.000 | E28: 0 | F28: 0 | J28: #DIV/0!
A29: E | B29: III | C29: Trasferimenti correnti da Imprese | D29: E.2.01.03.00.000 | E29: 0 | F29: 0 | G29: 0 | I29: 0 | J29: 0
A30: E | B30: IV | C30: Altri trasferimenti correnti da imprese | D30: E.2.01.03.02.000 | E30: 0 | F30: 0 | I30: 0 | J30: 0
A31: E | B31: V | C31: Altri trasferimenti correnti da altre imprese | D31: E.2.01.03.02.999 | E31: 0 | F31: 0 | I31: 0 | J31: 0
A32: E | B32: III | C32: Trasferimenti correnti da Istituzioni Sociali Private | D32: E.2.01.04.00.000 | E32: 0 | F32: 0 | I32: 0 | J32: #DIV/0!
A33: E | B33: III | C33: Trasferimenti correnti dall'Unione Europea e dal Resto del Mondo | D33: E.2.01.05.00.000 | E33: 0 | F33: 0 | I33: 0 | J33: #DIV/0!
A34: E | B34: IV | C34: Trasferimenti correnti dall'Unione Europea | D34: E.2.01.05.01.000 | E34: 0 | F34: 0 | I34: 0 | J34: #DIV/0!
A35: E | B35: V | C35: Trasferimenti correnti dall'Unione Europea | D35: E.2.01.05.01.001 | E35: 0 | F35: 0 | I35: 0 | J35: #DIV/0!
A36: E | B36: I | C36: Entrate extratributarie | D36: E.3.00.00.00.000 | E36: 70189.76 | F36: 55128941 | G36: 0.38174 | I36: 55058751 | J36: 784.42711
A37: E | B37: II | C37: Vendita di beni e servizi e proventi derivanti dalla gestione dei beni | D37: E.3.01.00.00.000 | E37: 0 | F37: 0 | I37: 0 | J37: #DIV/0!
A38: E | B38: III | C38: Vendita di beni | D38: E.3.01.01.00.000 | E38: 0 | F38: 0 | I38: 0 | J38: #DIV/0!
A39: E | B39: III | C39: Entrate dalla vendita e dall'erogazione di servizi | D39: E.3.01.02.00.000 | E39: 0 | F39: 0 | I39: 0 | J39: #DIV/0!
A40: E | B40: III | C40: Proventi derivanti dalla gestione dei beni | D40: E.3.01.03.00.000 | E40: 0 | F40: 0 | I40: 0 | J40: #DIV/0!
A41: E | B41: II | C41: Proventi derivanti dall'attività di controllo e repressione delle irregolarità e degli illeciti | D41: E.3.02.00.00.000 | E41: 0 | F41: 0 | I41: 0 | J41: #DIV/0!
A42: E | B42: III | C42: Entrate da amministrazioni pubbliche derivanti dall'attività di controllo e repressione delle irregolarità e degli illeciti | D42: E.3.02.01.00.000 | E42: 0 | F42: 0 | I42: 0 | J42: #DIV/0!
A43: E | B43: III | C43: Entrate da famiglie derivanti dall'attività di controllo e repressione delle irregolarità e degli illeciti | D43: E.3.02.02.00.000 | E43: 0 | F43: 0 | I43: 0 | J43: #DIV/0!
A44: E | B44: III | C44: Entrate da Imprese derivanti dall'attività di controllo e repressione delle irregolarità e degli illeciti | D44: E.3.02.03.00.000 | E44: 0 | F44: 0 | I44: 0 | J44: #DIV/0!
A45: E | B45: III | C45: Entrate da Istituzioni Sociali Private derivanti dall'attività di controllo e repressione delle irregolarità e degli illeciti | D45: E.3.02.04.00.000 | E45: 0 | F45: 0 | I45: 0 | J45: #DIV/0!
A46: E | B46: II | C46: Interessi attivi | D46: E.3.03.00.00.000 | E46: 7747.46 | F46: 8473.09 | G46: 5.8671858e-05 | I46: 725.63 | J46: 0.093660374
A47: E | B47: III | C47: Interessi attivi da titoli o finanziamenti a breve termine | D47: E.3.03.01.00.000 | E47: #REF! | F47: #REF! | I47: #REF! | J47: #REF!
A48: E | B48: III | C48: Interessi attivi da titoli o finanziamenti a medio - lungo termine | D48: E.3.03.02.00.000 | E48: 662.37 | F48: 814.73 | I48: 152.36 | J48: 0.23002249
A49: E | B49: III | C49: Altri interessi attivi | D49: E.3.03.03.00.000 | E49: 7747.46 | F49: 8473.09 | G49: 5.8671858e-05 | I49: 725.63 | J49: 0.093660374
A50: E | B50: IV | C50: Interessi attivi da conti di tesoreria | D50: E.3.03.03.03.000 | E50: 662.37 | F50: 814.73 | I50: 152.36 | J50: 0.23002249
A51: E | B51: V | C51: Interessi attivi da conti di tesoreria | D51: E.3.03.03.03.001 | E51: 662.37 | F51: 814.73 | I51: 152.36 | J51: 0.23002249
A52: E | B52: IV | C52: Interessi attivi da depositi bancari o postali | D52: E.3.03.03.04.000 | E52: 355.67 | F52: 2183.96 | I52: 1828.29 | J52: 0.23002249
A53: E | B53: V | C53: Interessi attivi da depositi bancari o postali | D53: E.3.03.03.04.001 | E53: 355.67 | F53: 2183.96 | I53: 1828.29 | J53: 0.23002249
A54: E | B54: IV | C54: Altri interessi attivi diversi | D54: E.3.03.03.99.000 | E54: 6729.42 | F54: 5474.4 | I54: -1255.02 | J54: -0.1864975
A55: E | B55: V | C55: Altri interessi attivi da altri soggetti | D55: E.3.03.03.99.999 | E55: 6729.42 | F55: 5474.4 | I55: -1255.02 | J55: -0.1864975
A56: E | B56: II | C56: Altre entrate da redditi da capitale | D56: E.3.04.00.00.000 | E56: 0 | F56: 0 | I56: 0 | J56: #DIV/0!
A57: E | B57: III | C57: Rendimenti da fondi comuni di investimento | D57: E.3.04.01.00.000 | E57: 0 | F57: 0 | I57: 0 | J57: #DIV/0!
A58: E | B58: III | C58: Entrate derivanti dalla distribuzione di dividendi | D58: E.3.04.02.00.000 | E58: 0 | F58: 0 | I58: 0 | J58: #DIV/0!
A59: E | B59: III | C59: Entrate derivanti dalla distribuzione di utili e avanzi | D59: E.3.04.03.00.000 | E59: 0 | F59: 0 | I59: 0 | J59: #DIV/0!
A60: E | B60: III | C60: Altre entrate da redditi da capitale | D60: E.3.04.99.00.000 | E60: 0 | F60: 0 | I60: 0 | J60: #DIV/0!
A61: E | B61: II | C61: Rimborsi e altre entrate correnti | D61: E.3.05.00.00.000 | E61: 62442.3 | F61: 55120468 | G61: 0.38168133 | I61: 55058025 | J61: 881.74243
A62: E | B62: III | C62: Indennizzi di assicurazione | D62: E.3.05.01.00.000 | E62: #REF! | F62: #REF! | I62: #REF! | J62: #REF!
A63: E | B63: III | C63: Rimborsi in entrata | D63: E.3.05.02.00.000 | E63: 62442.3 | F63: 55120468 | G63: 0.38168133 | I63: 55058025 | J63: 881.74243
A64: E | B64: IV | C64: Rimborsi ricevuti per spese di personale (comando, distacco, fuori ruolo, convenzioni, ecc…) | D64: E.3.05.02.01.000 | E64: 0 | F64: 47475.59 | I64: 47475.59 | J64: 0
A65: E | B65: V | C65: Rimborsi ricevuti per spese di personale (comando, distacco, fuori ruolo, convenzioni, ecc…) | D65: E.3.05.02.01.001 | E65: 0 | F65: 47475.59 | I65: 47475.59 | J65: -
A66: E | B66: IV | C66: Entrate da rimborsi, recuperi e restituzioni di somme non dovute o incassate in eccesso | D66: E.3.05.02.03.000 | E66: 62442.3 | F66: 55072992 | I66: 55010550 | J66: 117.99878
A67: E | B67: V | C67: Entrate da rimborsi, recuperi e restituzioni di somme non dovute o incassate in eccesso da Famiglie | D67: E.3.05.02.03.004 | E67: 2000 | F67: 237997.56 | I67: 235997.56 | J67: 117.99878
A68: E | B68: V | C68: Entrate da rimborsi, recuperi e restituzioni di somme non dovute o incassate in eccesso da Imprese | D68: E.3.05.02.03.005 | E68: 0 | F68: 54767285 | I68: 54767285 | J68: -
A69: E | B69: V | C69: Entrate da rimborsi, recuperi e restituzioni di somme non dovute o incassate in eccesso dal Resto del mondo | D69: E.3.05.02.03.008 | E69: 60442.3 | F69: 67709.38 | I69: 7267.08 | J69: 0.12023169
A70: E | B70: III | C70: Altre entrate correnti n.a.c. | D70: E.3.05.99.00.000 | E70: 0 | F70: 0 | G70: 0 | I70: 0 | J70: 0
A71: E | B71: IV | C71: Altre entrate correnti n.a.c. | D71: E.3.05.99.99.000 | E71: 0 | F71: 0 | I71: 0 | J71: 0
A72: E | B72: V | C72: Altre entrate correnti n.a.c. | D72: E.3.05.99.99.999 | E72: 0 | F72: 0 | I72: 0 | J72: 0
A73: E | B73: I | C73: Entrate in conto capitale | D73: E.4.00.00.00.000 | E73: 0 | F73: 0 | G73: - | I73: 0 | J73: #DIV/0!
A74: E | B74: II | C74: Tributi in conto capitale | D74: E.4.01.00.00.000 | E74: 0 | F74: 0 | I74: 0 | J74: #DIV/0!
A75: E | B75: III | C75: Imposte da sanatorie e condoni | D75: E.4.01.01.00.000 | E75: 0 | F75: 0 | I75: 0 | J75: #DIV/0!
A76: E | B76: III | C76: Altre imposte in conto capitale | D76: E.4.01.02.00.000 | E76: 0 | F76: 0 | I76: 0 | J76: #DIV/0!
A77: E | B77: II | C77: Contributi agli investimenti | D77: E.4.02.00.00.000 | E77: 0 | F77: 0 | I77: 0 | J77: #DIV/0!
A78: E | B78: III | C78: Contributi agli investimenti da amministrazioni pubbliche | D78: E.4.02.01.00.000 | E78: 0 | F78: 0 | I78: 0 | J78: #DIV/0!
A79: E | B79: III | C79: Contributi agli investimenti da Famiglie | D79: E.4.02.02.00.000 | E79: 0 | F79: 0 | I79: 0 | J79: #DIV/0!
A80: E | B80: III | C80: Contributi agli investimenti da Imprese | D80: E.4.02.03.00.000 | E80: 0 | F80: 0 | I80: 0 | J80: #DIV/0!
A81: E | B81: III | C81: Contributi agli investimenti da Istituzioni Sociali Private | D81: E.4.02.04.00.000 | E81: 0 | F81: 0 | I81: 0 | J81: #DIV/0!
A82: E | B82: III | C82: Contributi agli investimenti dall'Unione Europea e dal Resto del Mondo | D82: E.4.02.05.00.000 | E82: 0 | F82: 0 | I82: 0 | J82: #DIV/0!
A83: E | B83: III | C83: Contributi agli investimenti direttamente destinati al rimborso di prestiti da amministrazioni pubbliche | D83: E.4.02.06.00.000 | E83: 0 | F83: 0 | I83: 0 | J83: #DIV/0!
A84: E | B84: III | C84: Contributi agli investimenti direttamente destinati al rimborso di prestiti da Famiglie | D84: E.4.02.07.00.000 | E84: 0 | F84: 0 | I84: 0 | J84: #DIV/0!
A85: E | B85: III | C85: Contributi agli investimenti direttamente destinati al rimborso di prestiti da Imprese | D85: E.4.02.08.00.000 | E85: 0 | F85: 0 | I85: 0 | J85: #DIV/0!
... A124: E | B124: V | C124: Alienazione di software | D124: E.4.04.03.01.001 | E124: 0 | F124: 0 | I124: 0 | J124: #DIV/0!
A125: E | B125: II | C125: Altre entrate in conto capitale | D125: E.4.05.00.00.000 | E125: 0 | F125: 0 | G125: - | I125: 0 | J125: #DIV/0!
A126: E | B126: III | C126: Permessi di costruire | D126: E.4.05.01.00.000 | E126: 0 | F126: 0 | I126: 0 | J126: #DIV/0!
A127: E | B127: III | C127: Entrate derivanti da conferimento immobili a fondi immobiliari | D127: E.4.05.02.00.000 | E127: 0 | F127: 0 | I127: 0 | J127: #DIV/0!
A128: E | B128: III | C128: Entrate in conto capitale dovute a rimborsi, recuperi e restituzioni di somme non dovute o incassate in eccesso | D128: E.4.05.03.00.000 | E128: 0 | F128: 0 | I128: 0 | J128: #DIV/0!
A129: E | B129: III | C129: Altre entrate in conto capitale n.a.c. | D129: E.4.05.04.00.000 | E129: 0 | F129: 0 | G129: - | I129: 0 | J129: #DIV/0!
A130: E | B130: IV | C130: Altre entrate in conto capitale n.a.c. | D130: E.4.05.04.99.000 | E130: 0 | F130: 0 | G130: - | I130: 0 | J130: #DIV/0!
A131: E | B131: V | C131: Altre entrate in conto capitale n.a.c. | D131: E.4.05.04.99.999 | E131: 0 | F131: 0 | I131: 0 | J131: #DIV/0!
A132: E | B132: I | C132: Entrate da riduzione di attività finanziarie | D132: E.5.00.00.00.000 | E132: 0 | F132: 0 | I132: 0 | J132: #DIV/0!
A133: E | B133: II | C133: Alienazione di attività finanziarie | D133: E.5.01.00.00.000 | E133: 0 | F133: 0 | I133: 0 | J133: #DIV/0!
A134: E | B134: III | C134: Alienazione di partecipazioni | D134: E.5.01.01.00.000 | E134: 0 | F134: 0 | I134: 0 | J134: #DIV/0!
A135: E | B135: III | C135: Alienazione di quote di fondi comuni di investimento | D135: E.5.01.02.00.000 | E135: 0 | F135: 0 | I135: 0 | J135: #DIV/0!
A136: E | B136: III | C136: Alienazione di titoli obbligazionari a breve termine | D136: E.5.01.03.00.000 | E136: 0 | F136: 0 | I136: 0 | J136: #DIV/0!
A137: E | B137: III | C137: Alienazione di titoli obbligazionari a medio-lungo termine | D137: E.5.01.04.00.000 | E137: 0 | F137: 0 | I137: 0 | J137: #DIV/0!
A138: E | B138: II | C138: Riscossione crediti di breve termine | D138: E.5.02.00.00.000 | E138: 0 | F138: 0 | I138: 0 | J138: #DIV/0!
A139: E | B139: III | C139: Riscossione crediti di breve termine a tasso agevolato da Amministrazioni Pubbliche | D139: E.5.02.01.00.000 | E139: 0 | F139: 0 | I139: 0 | J139: #DIV/0!
A140: E | B140: III | C140: Riscossione crediti di breve termine a tasso agevolato da Famiglie | D140: E.5.02.02.00.000 | E140: 0 | F140: 0 | I140: 0 | J140: #DIV/0!
A141: E | B141: III | C141: Riscossione crediti di breve termine a tasso agevolato da Imprese | D141: E.5.02.03.00.000 | E141: 0 | F141: 0 | I141: 0 | J141: #DIV/0!
...

Sheet Prospetto residui
A3: AUTORITA' DI REGOLAZIONE PER ENERGIA RETI E AMBIENTE | E3: RESIDUI RIACCERTATI RENDICONTO 2023 | F3: RESIDUI INSUSSISTENTI RENDICONTO 2023
A4: RENDICONTO DELLA GESTIONE PER L'ESERCIZIO 1 GENNAIO 2023 - 31 DICEMBRE 2023
A5: MACRO | B5: Livelli | C5: Voce | D5: Codice finale
A7: E | B7: I | C7: Entrate correnti di natura tributaria, contributiva e perequativa | D7: E.1.00.00.00.000 | E7: 0 | F7: 0
A8: E | B8: II | C8: Tributi | D8: E.1.01.00.00.000 | E8: 0 | F8: 0
A9: E | B9: III | C9: Imposte, tasse e proventi assimilati | D9: E.1.01.01.00.000 | E9: 0 | F9: 0
A10: E | B10: IV | C10: Altre imposte, tasse e proventi assimilati n.a.c. | D10: E.1.01.01.99.000 | E10: 0 | F10: 0
A11: E | B11: V | C11: Altre imposte, tasse e proventi assimilati n.a.c. riscosse a seguito dell'attività ordinaria di gestione | D11: E.1.01.01.99.001 | E11: 0 | F11: 0
A12: E | B12: V | C12: Altre imposte, tasse e proventi assimilati n.a.c. riscosse a seguito di attività di verifica e controllo | D12: E.1.01.01.99.002 | E12: 0 | F12: 0
A13: E | B13: III | C13: Tributi destinati al finanziamento della sanità | D13: E.1.01.02.00.000
A14: E | B14: III | C14: Tributi devoluti e regolati alle autonomie speciali | D14: E.1.01.03.00.000
A15: E | B15: III | C15: Compartecipazioni di tributi | D15: E.1.01.04.00.000
A16: E | B16: II | C16: Contributi sociali e premi | D16: E.1.02.00.00.000
A17: E | B17: III | C17: Contributi sociali e premi a carico del datore di lavoro e dei lavoratori | D17: E.1.02.01.00.000
A18: E | B18: III | C18: Contributi sociali a carico delle persone non occupate | D18: E.1.02.02.00.000
A19: E | B19: II | C19: Fondi perequativi | D19: E.1.03.00.00.000
A20: E | B20: III | C20: Fondi perequativi da Amministrazioni Centrali | D20: E.1.03.01.00.000
A21: E | B21: III | C21: Fondi perequativi dalla Regione o Provincia autonoma | D21: E.1.03.02.00.000
A22: E | B22: I | C22: Trasferimenti correnti | D22: E.2.00.00.00.000 | E22: 0 | F22: 0
A23: E | B23: II | C23: Trasferimenti correnti | D23: E.2.01.00.00.000 | E23: 0 | F23: 0
A24: E | B24: III | C24: Trasferimenti correnti da Amministrazioni pubbliche | D24: E.2.01.01.00.000 | E24: 0 | F24: 0
A25: E | B25: IV | C25: Trasferimenti correnti da Amministrazioni Centrali | D25: E.2.01.01.01.000 | E25: 0 | F25: 0
A26: E | B26: V | C26: Trasferimenti correnti da autorità amministrative indipendenti | D26: E.2.01.01.01.010 | E26: 0 | F26: 0
A27: E | B27: III | C27: Trasferimenti correnti da Famiglie | D27: E.2.01.02.00.000 | E27: 0 | F27: 0
A28: E | B28: III | C28: Trasferimenti correnti da Imprese | D28: E.2.01.03.00.000 | E28: 0 | F28: 0
A29: E | B29: IV | C29: Altri trasferimenti correnti da imprese | D29: E.2.01.03.02.000 | E29: 0 | F29: 0
A30: E | B30: V | C30: Altri trasferimenti correnti da altre imprese | D30: E.2.01.03.02.999 | E30: 0 | F30: 0
A31: E | B31: III | C31: Trasferimenti correnti da Istituzioni Sociali Private | D31: E.2.01.04.00.000 | E31: 0 | F31: 0
A32: E | B32: III | C32: Trasferimenti correnti dall'Unione Europea e dal Resto del Mondo | D32: E.2.01.05.00.000 | E32: 0 | F32: 0
A33: E | B33: IV | C33: Trasferimenti correnti dall'Unione Europea | D33: E.2.01.05.01.000 | E33: 0 | F33: 0
... A45: E | B45: II | C45: Interessi attivi | D45: E.3.03.00.00.000 | E45: 1463.5 | F45: 0
A46: E | B46: III | C46: Interessi attivi da titoli o finanziamenti a breve termine | D46: E.3.03.01.00.000 | E46: #REF! | F46: #REF!
A47: E | B47: III | C47: Interessi attivi da titoli o finanziamenti a medio - lungo termine | D47: E.3.03.02.00.000 | E47: 814.73 | F47: 0
A48: E | B48: III | C48: Altri interessi attivi | D48: E.3.03.03.00.000 | E48: 1463.5 | F48: 0
A49: E | B49: IV | C49: Interessi attivi da conti di tesoreria | D49: E.3.03.03.03.000 | E49: 814.73 | F49: 0
A50: E | B50: V | C50: Interessi attivi da conti di tesoreria | D50: E.3.03.03.03.001 | E50: 814.73 | F50: 0
A51: E | B51: IV | C51: Interessi attivi da depositi bancari o postali | D51: E.3.03.03.04.000 | E51: 648.77 | F51: 0
A52: E | B52: V | C52: Interessi attivi da depositi bancari o postali | D52: E.3.03.03.04.001 | E52: 648.77 | F52: 0
A53: E | B53: IV | C53: Altri interessi attivi diversi | D53: E.3.03.03.99.000 | E53: 0 | F53: 0
A54: E | B54: V | C54: Altri interessi attivi da altri soggetti | D54: E.3.03.03.99.999 | E54: 0 | F54: 0
A55: E | B55: II | C55: Altre entrate da redditi da capitale | D55: E.3.04.00.00.000 | E55: 0 | F55: 0
A56: E | B56: III | C56: Rendimenti da fondi comuni di investimento | D56: E.3.04.01.00.000 | E56: 0 | F56: 0
A57: E | B57: III | C57: Entrate derivanti dalla distribuzione di dividendi | D57: E.3.04.02.00.000 | E57: 0 | F57: 0
A58: E | B58: III | C58: Entrate derivanti dalla distribuzione di utili e avanzi | D58: E.3.04.03.00.000 | E58: 0 | F58: 0
... A239: E | B239: V | C239: Altre entrate per conto terzi | D239: E.9.02.99.99.999 | E239: 0 | F239: 0
C241: TOTALE ENTRATE | E241: 390454.99 | F241: 21027.48
A243: AUTORITA' DI REGOLAZIONE PER ENERGIA RETI E AMBIENTE | E243: RESIDUI RIACCERTATI RENDICONTO 2023 | F243: RESIDUI INSUSSISTENTI RENDICONTO 2023
A244: RENDICONTO DELLA GESTIONE PER L'ESERCIZIO 1 GENNAIO 2023 - 31 DICEMBRE 2023
A245: MACRO | B245: Livelli | C245: Voce | D245: Codice finale
A247: U | B247: I | C247: Spese correnti | D247: U.1.00.00.00.000 | E247: 61179556 | F247: 1161339.4
A248: U | B248: II | C248: Redditi da lavoro dipendente | D248: U.1.01.00.00.000 | E248: 892156.98 | F248: 0
A249: U | B249: III | C249: Retribuzioni lorde | D249: U.1.01.01.00.000 | E249: 36893.33 | F249: 0
A250: U | B250: IV | C250: Retribuzioni in denaro | D250: U.1.01.01.01.000 | E250: 13450.9 | F250: 0
A251: U | B251: V | C251: Arretrati per anni precedenti corrisposti al personale a tempo indeterminato | D251: U.1.01.01.01.001 | E251: 0 | F251: 0
A252: U | B252: V | C252: Voci stipendiali corrisposte al personale a tempo indeterminato | D252: U.1.01.01.01.002 | E252: 0 | F252: 0
A253: U | B253: V | C253: Straordinario per il personale a tempo indeterminato | D253: U.1.01.01.01.003 | E253: 11839.01 | F253: 0
A254: U | B254: V | C254: Indennità ed altri compensi, esclusi i rimborsi spesa per missione, corrisposti al personale a tempo indeterminato | D254: U.1.01.01.01.004 | E254: 0 | F254: 0
A255: U | B255: V | C255: Arretrati per anni precedenti corrisposti al personale a tempo determinato | D255: U.1.01.01.01.005 | E255: 0 | F255: 0
A256: U | B256: V | C256: Voci stipendiali corrisposte al personale a tempo determinato | D256: U.1.01.01.01.006 | E256: 0 | F256: 0
A257: U | B257: V | C257: Straordinario per il personale a tempo determinato | D257: U.1.01.01.01.007 | E257: 1611.89 | F257: 0
A258: U | B258: V | C258: Indennità ed altri compensi, esclusi i rimborsi spesa documentati per missione, corrisposti al personale a tempo determinato | D258: U.1.01.01.01.008 | E258: 0 | F258: 0
... A444: U | B444: V | C444: Altri premi di assicurazione n.a.c. | D444: U.1.10.04.99.999 | E444: 0 | F444: 0
A445: U | B445: III | C445: Spese dovute a sanzioni, risarcimenti e indennizzi | D445: U.1.10.05.00.000
A446: U | B446: IV | C446: Spese dovute a sanzioni | D446: U.1.10.05.01.000
A447: U | B447: V | C447: Spese dovute a sanzioni | D447: U.1.10.05.01.001
A448: U | B448: IV | C448: Oneri da contenzioso | D448: U.1.10.05.04.000
A449: U | B449: V | C449: Oneri da contenzioso | D449: U.1.10.05.04.001
A450: U | B450: IV | C450: Altre spese dovute per irregolarità e illeciti n.a.c. | D450: U.1.10.05.99.000
A451: U | B451: V | C451: Altre spese dovute per irregolarità e illeciti n.a.c. | D451: U.1.10.05.99.999
A452: U | B452: III | C452: Altre spese correnti n.a.c. | D452: U.1.10.99.00.000
A453: U | B453: IV | C453: Altre spese correnti n.a.c. | D453: U.1.10.99.99.000
A454: U | B454: V | C454: Altre spese correnti n.a.c. | D454: U.1.10.99.99.999
A455: U | B455: I | C455: Spese in conto capitale | D455: U.2.00.00.00.000 | E455: 199874.74 | F455: 7268.7
A456: U | B456: II | C456: Tributi in conto capitale a carico dell'ente | D456: U.2.01.00.00.000
A457: U | B457: III | C457: Tributi in conto capitale a carico dell'ente | D457: U.2.01.01.00.000
A458: U | B458: III | C458: Altri tributi in conto capitale | D458: U.2.01.99.00.000
A459: U | B459: II | C459: Investimenti fissi lordi e acquisto di terreni | D459: U.2.02.00.00.000 | E459: 199874.74 | F459: 7268.7
A460: U | B460: III | C460: Beni materiali | D460: U.2.02.01.00.000 | E460: 4674.74 | F460: 7268.7
A461: U | B461: IV | C461: Mezzi di trasporto ad uso civile, di sicurezza e ordine pubblico | D461: U.2.02.01.01.000 | E461: 0 | F461: 0
A462: U | B462: V | C462: Mezzi di trasporto ad uso civile, di sicurezza e ordine pubblico n.a.c. | D462: U.2.02.01.01.999 | E462: 0 | F462: 0
A463: U | B463: IV | C463: Mobili e arredi | D463: U.2.02.01.03.000 | E463: 0 | F463: 0
A464: U | B464: V | C464: Mobili e arredi per ufficio | D464: U.2.02.01.03.001 | E464: 0 | F464: 0
A465: U | B465: IV | C465: Impianti e macchinari | D465: U.2.02.01.04.000 | E465: 0 | F465: 0
A466: U | B466: V | C466: Macchinari | D466: U.2.02.01.04.001 | E466: 0 | F466: 0
A467: U | B467: V | C467: Impianti | D467: U.2.02.01.04.002 | E467: 0 | F467: 0
A468: U | B468: IV | C468: Attrezzature | D468: U.2.02.01.05.000 | E468: 0 | F468: 0
A469: U | B469: V | C469: Attrezzature n.a.c. | D469: U.2.02.01.05.999 | E469: 0 | F469: 0
A470: U | B470: IV | C470: Macchine per ufficio | D470: U.2.02.01.06.000 | E470: 0 | F470: 0
... A638: U | B638: V | C638: Altre uscite per conto terzi n.a.c. | D638: U.7.02.99.99.999 | E638: 0 | F638: 0
C640: TOTALE USCITE | E640: 64041594 | F640: 1210067.2

Sheet conto patrimonio
A1: AUTORITA' DI REGOLAZIONE PER ENERGIA RETI E AMBIENTE
A2: CONTO DEL PATRIMONIO AL 31 DICEMBRE 2023 (articolo 30 del Regolamento di contabilità)
B6: ESERCIZIO 2022 | D6: ESERCIZIO 2023
A8: ATTIVO
A10: CONSISTENZA DI CASSA | C10: 1.3614363e+08 | E10: 2.1326567e+08
A12: RESIDUI ATTIVI | C12: 2165939.1 | E12: 390454.99
A14: IMMOBILIZZAZIONI IMMATERIALI | C14: 0 | E14: 0
A16: IMMOBILIZZAZIONI MATERIALI
A17: Fabbricati | C17: 44375669 | E17: 43693520
A18: Attrezzature informatiche | C18: 95248.23 | E18: 27844.43
A19: Mobili e arredi | C19: 49704.01 | E19: 39357.28
A20: Impianti | C20: 156496.39 | E20: 131856.93
A21: Macchine d'ufficio | C21: 99.78 | E21: 0
A22: Materiale bibliografico | C22: 1572302.8 | E22: 1634960.4
A24: IMMOBILIZZAZIONI MATERIALI | C24: 46249520 | E24: 45527540
A27: TOTALE ATTIVO: | C27: 1.8455909e+08 | E27: 2.5918367e+08
A29: Crediti ex L. 191/2009 | C29: 17140000 | E29: 17140000
A32: PASSIVO:
A35: RESIDUI PASSIVI: | C35: 9156507.1 | E35: 64041594
A37: ACCANTONAMENTO TRATTAMENTO DI QUIESCENZA | C37: 23462162 | E37: 27062162
A39: ALTRI FONDI ACCANTONATI | C39: 42124705 | E39: 41737158
A41: PATRIMONIO NETTO:
A42: Consistenza patrimoniale | C42: 46249520 | E42: 45527540
A43: Fondo compensazione entrate | C43: 50000000 | E43: 65000000
A45: Avanzo di amministrazione libero | C45: 13566193 | E45: 15815216
A47: TOTALE PATRIMONIO NETTO: | C47: 1.0981571e+08 | E47: 1.2634276e+08
A49: TOTALE PASSIVO | C49: 1.8455909e+08 | E49: 2.5918367e+08
A51: Trasferimenti ex L. 191/2009 | C51: 17140000 | E51: 17140000

Sheet situazione finanziaria
A1: AUTORITA' DI REGOLAZIONE PER ENERGIA RETI E AMBIENTE
A2: RENDICONTO DELLA GESTIONE PER L'ESERCIZIO 2023
A4: SITUAZIONE FINANZIARIA E AMMINISTRATIVA AL 31 DICEMBRE 2023
A5: (Allegato al Conto del bilancio di cui all'art. 31 lettere a) e b) del Regolamento di contabilità)
A10: Fondo cassa al 01/01/2023 | C10: 1.3614563e+08
A12: Incassi in conto competenza dall'01/01/2023 al 31/12/2023 | C12: 1.6293444e+08
A14: Incassi in conto residui dall'01/01/2023 al 31/12/2023 | C14: 1791053.8
A17: Pagamenti in conto competenza dall'01/01/2023 al 31/12/2023 | C17: -80512068
A19: Pagamenti in conto residui dall'01/01/2023 al 31/12/2023 | C19: -7093378.9
A22: Fondo cassa al 31 dicembre 2023 | C22: 2.1326567e+08
A26: Residui attivi dell'esercizio 2023 | C26: 36597.13
A28: Residui attivi provenienti da esercizi precedenti | B28: 374885.34
A30: Residui attivi inesigibili al 31/12/2023 | B30: -21027.48
A32: Residui attivi da esercizi precedenti | C32: 353857.86
A34: Residui passivi dell'esercizio 2023 | C34: -63188533
A36: Residui passivi provenienti da esercizi precedenti | B36: -2063128.2
A38: Residui passivi insussistenti al 31/12/2023 | B38: 1210067.2
A40: Residui passivi da esercizi precedenti | C40: -853060.99
A42: Avanzo di amministrazione al 31/12/2023 | C42: 1.4961454e+08
A44: - di cui Avanzo della gestione esercizio 2023 | B44: 20459475
A46: Avanzo vincolato - Fondo compensazione entrate | C46: -65000000
A48: Avanzo di amministrazione disponibile 2023 | C48: 84614536
A50: Avanzo vincolato - Fondo trattamento di quiescenza 2022 | B50: 23464162
A52: Avanzo vincolato - Utilizzo accantonamento fondo trattamento di quiescenza | B52: -2495065.3
A54: Avanzo vincolato - Accantonamento fondo trattamento di quiescenza 2023 | B54: 6093065.3
A56: Avanzo vincolato - Fondo trattamento di quiescenza 2023 | C56: 27062162
A58: Avanzo accantonato - Spese ristrutturazione immobile Milano 2022 | B58: 30950398
A60: Avanzo accantonato - Utilizzo avanzo spese ristrutturazione sede Milano | B60: -387547.55
A62: Avanzo accantonato - Accantonamento avanzo spese ristrutturazione sede Milano | C62: 0
A64: Avanzo accantonato - Spese ristrutturazione immobile Milano 2023 | C64: 30562850
A66: Avanzo accantonato - Spese per rischi e liti vari | C66: 11174308
A68: Avanzo di amministrazione libero 2023 | C68: 15815216

Sheet riconciliazione bancaria
A4: AUTORITA' DI REGOLAZIONE PER ENERGIA RETI E AMBIENTE
A5: RENDICONTO DELLA GESTIONE PER L'ESERCIZIO 2023
A7: RICONCILIAZIONE BANCARIA ANNO 2023
A10: Fondo di cassa al 01/01/2023 | D10: 1.3614563e+08
A12: Somme riscosse al 31/12/2023 | D12: 1.6472549e+08
A14: Somme pagate al 31/12/2023 | D14: -87605446
A16: Fondo di cassa al 31/12/2023 | C16: 2.1326567e+08
A18: Reversali di incasso del mese di Dicembre 2023 | C18: -52564.25
A19: ma contabilizzati da Banca d'Italia nel Gennaio 2024
A21: Fondo di cassa al 31/12/2023 | D21: 2.1321311e+08
A23: Interessi attivi IV trim. 2023 non ancora confluiti in Banca Italia | D23: 480.09
A25: Fondo di cassa al 31/12/2022 presso Banca d'Italia e Istituto cassiere | D25: 2.1321359e+08
A27: di cui:
A28: a) saldo Banca Italia al 31/12/2023 | D28: 2.1315511e+08
A29: b) saldo Istituto casssiere al 31/12/2023 | D29: 58480.09

Sheet Stato patrimoniale
A1: AUTORITA' DI REGOLAZIONE ENERGIA RETI E AMBIENTE
A3: STATO PATRIMONIALE - ESERCIZIO 2023
A6: ATTIVITA' | F6: PASSIVITA'
D7: 2022 | E7: 2023 | I7: 2022 | J7: 2022
A8: IMMOBILIZZAZIONI
A10: Immobilizzazioni immateriali
A13: Diritti di brev. Industriale e opere | D13: 156313.1 | E13: 156313.1 | F13: FONDI PER RISCHI ED ONERI
A14: dell'ingegno
F15: Fondo per liti e rischi vari | I15: 11174308 | J15: 11174308
A16: F.do amm.to diritti utilizz.opere ingegno | D16: -156313.1 | E16: -156313.1
A18: Spese incrementative su beni in locaz. | D18: 0 | E18: 0
A20: F.do amm.to spese increment.su beni | D20: 0 | E20: 0 | F20: TOTALE FONDI PER RISCHI ED | I20: 11174308 | J20: 11174308
A21: presi in locazione | F21: ONERI
A23: Totale immobilizzazioni | D23: 0 | E23: 0 | F23: FONDO PER RISTRUTTURAZIONI | I23: 0 | J23: 0
A24: immateriali | F24: IMMOBILIARI
A26: Immobilizzazioni materiali | F26: TRATTAMENTO FINE RAPPORTO
F27: LAVORO SUBORDINATO
A28: Mobili e arredi | D28: 1253351.8 | E28: 1253351.8
F29: Fondi TFR - IFR | I29: 23462162 | J29: 27062162
A30: F.do amm.to mobili e arredi | D30: -1203647.7 | E30: -1213994.5
A32: Fabbricati | D32: 53784936 | E32: 54182027
F33: TOTALE TRATTAMENTO FINE | I33: 23462162 | J33: 27062162
A34: F.do amm.to fabbricati | D34: -9409267.2 | E34: -10488507 | F34: RAPPORTO LAV. SUBORDINATO
A36: Hardware e software | D36: 3664374 | E36: 3669561.6 | F36: DEBITI
A38: F.do amm.to hardware e software | D38: -3569125.8 | E38: -3641717.2 | F38: Debiti verso le banche
F40: Debiti verso le banche | I40: 70.73 | J40: 168.68
A42: Altri impianti e macchinari | D42: 662648.2 | E42: 662648.2 | F42: Debiti verso fornitori
F44: Debiti verso fornitori | I44: 1380862.5 | J44: 2422379.2
A46: F.do amm.to impianti e macchinari | D46: -506151.81 | E46: -530791.27 | F46: Debiti per fatture da ricevere | I46: 2146685.6 | J46: 531162.09
A48: Patrimonio librario | D48: 2751078.4 | E48: 2947368.7
A50: F.do amm.to patrimonio librario | D50: -1178775.6 | E50: -1312408.3 | F50: Debiti verso istituti di previdenza e
F51: sicurezza sociale
A53: Macchine d'ufficio | D53: 374207.48 | E53: 374207.48 | F53: INPDAP c/ contributi | I53: 719603.7 | J53: 806232.97
A55: F.do amm.to macchine d'ufficio | D55: -374107.7 | E55: -374207.48 | F55: INPS c/ contributi | I55: 35933.33 | J55: 41038.8
A57: Totale immobilizzazioni materiali | D57: 46249520 | E57: 45527540 | F57: INAIL c/ contributi | I57: 356.4 | J57: 0
F59: INPGI c/contributi | I59: 0 | J59: 0
A61: TOTALE IMMOBILIZZAZIONI | D61: 46249520 | E61: 45527540 | F61: Debiti verso lo Stato ed altri
F62: soggetti pubblici
A64: ATTIVO CIRCOLANTE | F64: Regione c/ IRAP | I64: 408557.98 | J64: 438334.41
A66: Crediti | F66: Debiti diversi
A68: Crediti verso esercenti | D68: 1788969.6 | E68: 0 | F68: Personale c/ retribuzioni | I68: 7266.91 | J68: 13450.9
A70: Crediti verso dipendenti per rimborso FPA | D70: 353857.86 | E70: 353857.86 | F70: Membri Autorità c/ compensi e rimborsi | I70: 89145.89 | J70: 87595.23
A72: Crediti verso banche | D72: 0 | E72: 0 | F72: Debiti v/ esercenti per versamenti in eccesso | I72: 0 | J72: 55000000
A74: Crediti diversi | D74: 934.4 | E74: 1463.5 | F74: Debiti diversi verso personale | I74: 5615.31 | J74: 1814.64
A76: Crediti c/ terzi | D76: 22177.29 | E76: 35133.63 | F76: Debiti diversi | I76: 0 | J76: 0
A78: Crediti v/ fornitori | D78: 0 | E78: 0
F79: Debiti diversi verso membri Autorità | I79: 1898.96 | J79: 0
A80: Totale crediti | D80: 2165939.1 | E80: 390454.99
F81: Debiti c/ terzi
A82: Disponibilità liquide
F83: Debiti c/ terzi | I83: 2205593.6 | J83: 2662162.8
A84: Depositi banc. e postali | D84: 1.3614363e+08 | E84: 2.1326567e+08
F85: TOTALE DEBITI | I85: 7001590.9 | J85: 62004340
A86: Totale disponibilità liquide | D86: 1.3614363e+08 | E86: 2.1326567e+08
F87: RATEI E RISCONTI PASSIVI
A89: TOTALE ATTIVO CIRCOLANTE | D89: 1.3830957e+08 | E89: 2.1365613e+08
F90: Ratei passivi | I90: 0 | J90: 0
A91: RATEI E RISCONTI ATTIVI
A93: Risconti attivi | D93: 0 | E93: 0 | F93: TOTALE RATEI EI RISCONTI PASSIVI | I93: 0 | J93: 0
A95: TOTALE RATEI E RISCONTI ATTIVI | D95: 0 | E95: 0
A98: TOTALE ATTIVITA' | D98: 1.8455909e+08 | E98: 2.5918367e+08 | F98: TOTALE PASSIVO | I98: 41638060 | J98: 1.0024081e+08
F100: Fondo compensazione entrate | I100: 50000000 | J100: 65000000
F101: Riserva di gestione | I101: 85403450 | J101: 92921027
F102: Risultato dell'esercizio | I102: 7517576.7 | J102: 1021833
F104: PATRIMONIO NETTO | I104: 1.4292103e+08 | J104: 1.5894286e+08
A106: TOTALE A PAREGGIO | D106: 1.8455909e+08 | E106: 2.5918367e+08 | F106: TOTALE A PAREGGIO | I106: 1.8455909e+08 | J106: 2.5918367e+08
A110: CONTI D'ORDINE
A112: Crediti ex Legge 191/2009 | E112: 17140000 | F112: Trasferimenti ex Legge 191/2009 | J112: 17140000
A116: CONTI D'ORDINE ATTIVO | E116: 17140000 | F116: CONTI ORDINE PASSIVO | J116: 17140000

Sheet Conto economico
A2: AUTORITA' DI REGOLAZIONE PER ENERGIA RETI E AMBIENTE
A3: CONTO ECONOMICO - ESERCIZIO 2023
G6: 2022 | J6: 2023
G7: PARZIALI | H7: TOTALI | I7: COMPLESSIVI | J7: PARZIALI | K7: TOTALI | L7: COMPLESSIVI
A9: A-VALORE DELLA PRODUZIONE
A11: Altri ricavi e proventi con separata indicaz. contr. c/comp. | H11: 76157138 | K11: 1.4441189e+08
A13: Contributi a carico dei soggetti esercenti servizi | G13: 76087954 | J13: 89285950
A14: energia elettrica e gas (capitolo 101)
A16: Recuperi e rimborsi di oneri per il personale (capitolo 104) | G16: 40580.1 | J16: 47475.59
A18: Recuperi/rimborsi spese per acquisto beni e servizi (capitolo 104) | G18: 19862.2 | J18: 67709.38
A20: Altri ricavi e proventi (capitolo 104) | G20: 0 | J20: 54767285
A22: Sconti e abbuoni attivi * | G22: 12.01 | J22: 0.11
A24: Rimborso contributo FPA da personale in servizio (cap. 104) | G24: 2000 | J24: 237997.56
A26: Interessi su rimborsi contributi FPA pers. in servizio (cap. 102) | G26: 6729.42 | J26: 5474.4
A28: Rimborsi da altre Autorità Indipendenti (cap. 103)
A30: TOTALE VALORE DELLA PRODUZIONE (A) | H30: 76157138 | K30: 1.4441189e+08
A32: Utilizzo fondo acq. patrimoniali | G32: 0 | J32: 0
A34: B-COSTI DELLA PRODUZIONE
A36: Costi per materie prime, sussidiarie, consumo e merci | H36: 7919.09 | K36: 114775.8
A38: Acquisto carta (capitolo 137) | G38: 0 | J38: 0
A40: Acquisto materiale igienico-sanitario (capitolo 137) | G40: 0 | J40: 0
A42: Acquisto materiale per riproduzioni e fotoriproduzioni (capitolo 137) | G42: 0 | J42: 0
A44: Acquisto carburanti e lubrificanti (capitolo 137) | G44: 0 | J44: 0
A46: Acquisto materiale informatico (capitolo 137) | G46: 1971.05 | J46: 104773.45
A48: Stampati e cancelleria (capitolo 137) | G48: 0 | J48: 0
A50: Materiale di consumo vario (capitolo 137) | G50: 5948.04 | J50: 10002.35
A52: Costi per servizi | H52: 9523947.4 | K52: 8921948.4
A54: Compensi e rimborsi spese collegio dei revisori (capitolo 130) | G54: 133007.44 | J54: 98753.07
A56: Contributi Inps collegio revisori (capitolo 130) | G56: 4706.64 | J56: 4848.3
A58: Contributi Irap collegio revisori (capitolo 130) | G58: 1756.7 | J58: 1009.8
A60: Compensi e rimborsi spese nucleo valutazione (capitolo 130) | G60: 127444.55 | J60: 127960.08
A62: Contributi Inps nucleo valutazione (capitolo 130) | G62: 5293.64 | J62: 5130.32
A64: Contributi Irap nucleo valutazione (capitolo 130) | G64: 2131.33 | J64: 2897.28
A66: Compensi e rimborsi spese esperti esterni (capitolo 131) | G66: 0 | J66: 0
A68: Contributi Inps esperti esterni (capitolo 131) | G68: 0 | J68: 0
A70: Contributi Irap esperti esterni (capitolo 131) | G70: 0 | J70: 0
A72: Compensi e rimborsi spese co.co.co (capitolo 151) | G72: 0 | J72: 0
A74: Contributi Inps su co.co.co (capitolo 151) | G74: 0 | J74: 0
A76: Contributi Irap su co.co.co (capitolo 151) | G76: 0 | J76: 0
... A92: Convenzioni e protocolli (capitolo 154) | G92: 0 | J92: 0
A94: Altri costi per servizi (Guardia di Finanza) (capitolo 154) | G94: 51365.51
A96: Quote associative (capitolo 154) | G96: 87500 | J96: 32500
A98: Contributi organismi comunitari di regolazione (capitolo 154) | G98: 244929 | J98: 361786
A100: Contributi a terzi per convegni, congressi, seminari (capitolo 154) | G100: 0 | J100: 0
A102: Compensi e rimborsi spese per servizi esterni (capitolo 155) | G102: 4686028.6 | J102: 4479306.3
A104: Compensi e oneri per servizi esterni (capitolo 155) | G104: 164549.8 | J104: 80998.36
A106: Costi per traduzioni (capitolo 155) | G106: 31282.36 | J106: 22571.25
A108: Costi per pubblicazioni, opuscoli e rilegature (capitolo 155) | G108: 0 | J108: 0
A110: Costi realizzazione materiale cinematogr./videoregistr. (capitolo 155) | G110: 0 | J110: 0
A112: Costi per stampa, fotocopiatura e rilegatura (capitolo 155) | G112: 13380.96 | J112: 74297.46
A114: Manutenzione calcolatori, macchine ufficio, mobili (capitolo 133) | G114: 0 | J114: 0
A116: Modifiche ad uffici ed infrastrutture (capitolo 133) | G116: 0 | J116: 0
A118: Manutenzione impianti riscaldamento e condizionamento (capitolo 133) | G118: 33177.87 | J118: 50515.49
... A142: Costi telefonici (capitolo 139) | G142: 891688.03 | J142: 866809.3
A144: Costi postali (capitolo 139) | G144: 1152
A146: Costi di rappresentanza (capitolo 141) | G146: 3022.21 | J146: 2079.5
A148: Costi per organizz. convegni, congressi, mostre e seminari (capitolo 143) | G148: 181675.97 | J148: 145805.81
A150: Servizi di catering (capitolo 143) | G150: 0 | J150: 0
A152: Costi per vigilanza locali (capitolo 144) | G152: 404469.56 | J152: 312751.95
A154: Costi per godimento beni di terzi | H154: 2440065.6 | K154: 2483448.3
A156: Affitti e locazioni passive di immobili (capitolo 132) | G156: 2318618 | J156: 2275769.9
A158: Noleggio altri beni (capitolo 134) | G158: 21554.42 | J158: 12965.08
A160: Noleggio macchine d'ufficio e apparecchiature ausiliarie (capitolo 134) | G160: 99893.24 | J160: 194713.35
A162: Costi per leasing (capitolo 134) | G162: 0 | J162: 0
A164: Costi per il personale | H164: 49097294 | K164: 54883831
A166: Emolumenti al presidente e ai membri autorità (capitolo 110) | G166: 1115000 | J166: 1126000
A168: Oneri previdenziali e assistenziali compensi membri Aeeg (capitolo 111) | G168: 132206.16 | J168: 143696.15
A170: Irap compensi membri Aeeg (capitolo 111) | G170: 94942.04 | J170: 95715.22
A172: Rimborso spese al Presidente e membri Aeeg (capitolo 112) | G172: 80985.95 | J172: 104826.25
A174: Retribuzioni lorde correnti dipendenti e pers. comandato (capitolo 115) | G174: 30728542 | J174: 31542953
A176: Indennità sostitutiva mensa (capitolo 115) | G176: 298135.54 | J176: 307376.69
A178: Contributi asili nido e ATM a favore dei dipendenti (capitolo 115) | G178: 60130.75 | J178: 413657.18
A180: Contributi Inpdap personale dipendente e comandato (capitolo 116) | G180: 6985143.1 | J180: 7567607.8
A182: Contributi Inps personale dipendente e comandato (capitolo 116) | G182: 119267 | J182: 236987.95
A184: Contributi Irap personale dipendente e comandato (capitolo 116) | G184: 2593920.9 | J184: 2682138.4
A186: Contributi Inpgi personale dipendente e comandato (capitolo 116) | G186: 68768.56 | J186: 0
A188: Contributi Inail dipendenti (capitolo 116) | G188: 90185.81 | J188: 106864.77
... A196: Compenso per lavoro straordinario personale dipendente | G196: 46307 | J196: 53965.62
A197: e comandato (capitolo 117)
A199: Indennità e rimborsi spese missioni dipendenti e personale | G199: 210039.25 | J199: 311413.22
A200: comandato (capitolo 118)
A202: Accantonamento TFR/IFR (capitolo 125) | G202: 2983715.2 | J202: 6095065.3
A204: Versamento IFR a favore previdenza complementare (capitolo 125) | G204: 1039719.2 | J204: 1127773.9
A206: Contributi a favore programma previdenza complementare (capitolo 126) | G206: 1613880.4 | J206: 1678179.3
A208: Corsi di aggiornamento professionale per il personale (capitolo 142) | G208: 57059.13 | J208: 106122.3
A210: Assicurazione per assistenza sanitaria integrativa (capitolo 145) | G210: 564027.61 | J210: 981057.67
A212: Assicurazioni per infortuni (capitolo 145) | G212: 142500 | J212: 146700
A214: Assicurazioni per responsabilità civile/patrimoniale (capitolo 146) | G214: 72818.15 | J214: 55730.85
A216: Assicurazioni per tutela legale (capitolo 146) | G216: 0 | J216: 0
A218: Ammortamento delle immobilizzazioni immateriali | H218: 0 | K218: 0
A220: Amm.to diritti brevetto e opere dell'ingegno | G220: 0 | J220: 0
A222: Ammortamento delle immobilizzazioni materiali | H222: 1432294.6 | K222: 1320549.8
A224: Ammortamento fabbricati | G224: 1072138.8 | J224: 1079239.8
A226: Ammortamento impianti e macchinari | G226: 25042.65 | J226: 24639.46
A228: Ammortamento mobili e arredi | G228: 13862.87 | J228: 10346.73
A230: Ammortamento hardware e software | G230: 194552.91 | J230: 72591.35
A232: Ammortamento patrimonio librario | G232: 125523.33 | J232: 133632.65
A234: Ammortamento macchine d'ufficio | G234: 1174.09 | J234: 99.78
A236: Accantonamento per rischi | H236: 0 | K236: 0
A238: Accantonamento per liti e rischi vari | G238: 0 | J238: 0
...

Sheet Prosp.conc. entrate spese
A2: PROSPETTO DI CONCILIAZIONE - ENTRATE 2023
A4: CONTABILITA' FINANZIARIA | D4: CONTABILITA' ECONOMICA | G4: VARIAZIONI
A6: CAP. | B6: DESCRIZIONE | C6: ACCERTATO COMPETENZA | D6: DESCRIZIONE CONTO DI RICAVO | E6: SALDO MASTRINO | F6: TOTALE | G6: DELTA
A8: Titolo I - entrate correnti
A10: 101 | B10: Contributo di funzionamento ARERA | C10: 89285950 | D10: Contributo di funzionamento ARERA | E10: 89285950 | F10: 89285950 | G10: 0
A12: 102 | B12: Interessi attivi | C12: 8473.09 | D12: Interessi attivi bancari | E12: 2998.69 | F12: 8473.09 | G12: 0
D13: Interessi su rimborsi contributi FPA personale in servizio | E13: 5474.4
A16: 109 | B16: Recupero e rimborsi dal personale in servizio | C16: 0 | D16: Recupero contributi FPA da personale in servizio | E16: 0 | F16: 0 | G16: 0
A19: 104 | B19: Recupero, rimborsi e proventi diversi | C19: 55120468 | D19: Recuperi e rimborsi di oneri per il personale | E19: 47475.59 | F19: 55120468 | G19: 0
D20: Altri ricavi e proventi | E20: 54834994
D21: Rimborso contributo FPA da personale in servizio | E21: 237997.56
A23: 103 | B23: Rimborso contributi altre | C23: 0 | D23: Rimborsi da altre Autorità Indipendenti | E23: 0 | F23: 0 | G23: 0
B24: Autorità amministrative ind.
D25: Insussistenze del passivo | E25: 305634.21 | F25: 307634.32 | G25: -307634.32
D26: Sconti e abbuoni attivi | E26: 0.11
D27: Sopravvenienze attive | E27: 2000
A29: Utulizzo Avanzo vincolato
A31: UV | B31: Utulizzo Avanzo vincolato | C31: 0 | D31: Proventi straordinari | E31: 0 | F31: 0 | G31: 0
A35: Totale accertato in competenza al netto partite di giro | C35: 1.4441489e+08 | D35: Totale ricavi | E35: 1.4472253e+08 | G35: -307634.32
A39: PROSPETTO DI CONCILIAZIONE - SPESE 2023
A41: CONTABILITA' FINANZIARIA | D41: CONTABILITA' ECONOMICA | G41: VARIAZIONI
A43: CAP. | B43: DESCRIZIONE | C43: IMPEGNATO COMPETENZA | D43: DESCRIZIONE CONTO DI COSTO | E43: SALDO MASTRINO | F43: TOTALE | G43: DELTA
A45: Titolo I - Spese correnti
A47: 110 | B47: Compensi al presidente e Membri Autorità | C47: 1126000 | D47: Emolumenti al Presidente e Membri autorita' | E47: 1126000 | F47: 1126000 | G47: 0
A49: 111 | B49: Oneri previdenziali a carico Autorità | C49: 239411.37 | D49: Oneri prev.ass. collegio Autorità | E49: 143696.15 | F49: 239411.37 | G49: 0
D50: Irap su compensi collegio Autorità | E50: 95715.22
A52: 112 | B52: Rimborso spese missione Presidente e Membri Autorità | C52: 104826.25 | D52: Rimborso spese collegio Autorità | E52: 104826.25 | F52: 104826.25 | G52: 0
A54: 115 | B54: Stipendi, retribuzioni ed altre indennità al personale | C54: 33391744 | D54: Retribuzioni lorde correnti dipendenti | E54: 31542953 | F54: 33391744 | G54: 0
D55: Contrubuti asili nido e ATM a favore dipendenti | E55: 413657.18
D56: Indennità sostitutiva mensa | E56: 307376.69
D57: Assicurazioni per infortuni | E57: 146700
D58: Assicurazioni assistenza sanitaria integrativa | E58: 981057.67
A61: 116 | B61: Oneri previdenziali ed assistenziali a carico Autorità | C61: 10593599 | D61: Contributi inpdap dipendenti | E61: 7567607.8 | F61: 10593599 | G61: 0
D62: Contributi inal dipendenti | E62: 106864.77
D63: Contributi inps dipendenti | E63: 236987.95
D64: Irap dipendenti | E64: 2682138.4
D65: Oneri prev.ass.comandati | E65: 0
D66: Contributi inpgi dipendenti | E66: 0
D67: Oneri per ritardati versamenti | E67: 0
D68: Altri oneri x il personale | E68: 0
A70: 117 | B70: Compensi per lavoro straordinario personale | C70: 53965.62 | D70: Compensi lav.straordinario dipendenti | E70: 53965.62 | F70: 53965.62 | G70: 0
A72: 118 | B72: Indennità e rimborso spese missione personale | C72: 311413.22 | D72: Indennità e rimb.spese missione dipendenti | E72: 311413.22 | F72: 311413.22 | G72: 0
A74: 125 | B74: Indennità fine rapporto | C74: 3622839.2 | D74: Accantonamento TFR/IFR | E74: 6095065.3 | F74: 7222839.2 | G74: 3600000
D75: Versam. TFR a favore prev. complementare | E75: 1127773.9
A77: 126 | B77: Accantonamento assegni integrativi pensioni | C77: 1678179.3 | D77: Contributi a favore progr.previdenza complementare | E77: 1678179.3 | F77: 1678179.3 | G77: 0
A79: 130 | B79: Spese funz.di collegi, comitati e commissioni | C79: 325802.07 | D79: Compensi rimb.spese collegio revisori | E79: 98753.07 | F79: 262162.36 | G79: -63639.71
D80: Contributi inps revisori | E80: 4848.3
D81: Irap su compensi revisori | E81: 1009.8
D82: Compensi rimborsi spese commissioni tecniche concorsi | E82: 21563.51
D83: Compensi rimb.spese nucleo valutazione | E83: 127960.08
D84: Contributi inps nucleo valutazione | E84: 5130.32
D85: Irap su compensi nucleo valutazione | E85: 2897.28
A87: 131 | B87: Compensi e rimborsi esperti esterni | C87: 0 | D87: Compensi rimb.spese esperti esterni | E87: 0 | F87: 0 | G87: 0
D88: Contributi inps su compensi esperti esterni | E88: 0
D89: Irap su compensi esperti esterni | E89: 0
A91: 132 | B91: Canoni di locazione | C91: 2264251.4 | D91: Affitti e locazione passive di immobili | E91: 2275769.9 | F91: 2275769.9 | G91: 11518.5
A93: 133 | B93: Spese manutenzione ordinaria | C93: 1149865.6 | D93: Manutenzioni varie | E93: 139686.78 | F93: 589101.77 | G93: -560763.83
D94: Modifiche ad edifici ed infrastrutture | E94: 0
D95: Manutenzione impianti riscaldamento e condizionamento | E95: 50515.49
D96: Manutenzioni calcolatori e macchine d'ufficio | E96: 0
D97: Licenze, assistenza e aggiornamento software | E97: 398899.5
A99: 134 | B99: Canoni noleggio macchine ufficio, automezzi | C99: 342502.42 | D99: Costi autonoleggio con conducente | E99: 8451.48 | F99: 216129.91 | G99: -126372.51
D100: Costi per leasing | E100: 0
D101: Noleggio macchine ufficio | E101: 194713.35
D102: Noleggio altri beni | E102: 12965.08
A104: 135 | B104: Spese per inserzioni, pubblicazioni | C104: 540236.74 | D104: Costi di pubblicità | E104: 35900.61 | F104: 35900.61 | G104: -504336.13
A106: 136 | B106: Spese per acquisto giornali | C106: 282788.37 | D106: Abbonamenti, pubblicazioni e giornali | E106: 22735.6 | F106: 846119.51 | G106: 563331.14
D107: Costi per consultazione banche dati | E107: 823383.91
A109: 137 | B109: Spese d'ufficio, stampa, cancelleria e materiale informatico | C109: 547547.73 | D109: Acquisto carta | E109: 0 | F109: 116870.42 | G109: -430677.31
D110: Acquisto materiale igienico sanitario | E110: 0
D111: Acquisto materiale informatico | E111: 104773.45
D112: Aquisto materiale per riproduzioni e fotoriproduzioni | E112: 0
D113: Stampati e cancelleria | E113: 0
D114: Materiale di consumo vario | E114: 10002.35
D115: Bolli, registr. Contratti, versamenti CIG | E115: 2094.62
D116: Acquisto carburanti e lubrificanti | E116: 0
A118: 138 | B118: Spese canone energia elettrica, acqua ,riscaldamento, condizionamento, ascensori, pulizia locali, smaltimento rifiuti | C118: 503382.41 | D118: Costi per facchinaggi, traslochi e trasporti in genere | E118: 1833 | F118: 801306.78 | G118: 297924.37
D119: Utenza acqua gas e smaltimento rifiuti | E119: 45625.59
D120: Energia elettrica | E120: 204007.1
D121: Spese condominiali | E121: 355523.08
D122: Costi pulizia locali | E122: 194318.01
A124: 139 | B124: Spese telefoniche, telegrafiche e postali | C124: 376195.05 | D124: Costi telefonici | E124: 866809.3 | F124: 866809.3 | G124: 490614.25
D125: Costi postali | E125: 0
A127: 140 | B127: Ritenute di legge su interessi attivi | C127: 241.25 | D127: Ritenute di legge su interessi attivi | E127: 0 | F127: 0 | G127: -241.25
A129: 141 | B129: Spese di rappresentanza | C129: 2079.5 | D129: Costi di rappresentanza | E129: 2079.5 | F129: 2079.5 | G129: 0
A131: 142 | B131: Spese formazione e aggiornamento | C131: 202079.3 | D131: Corsi di aggiornamento professionale per il personale | E131: 106122.3 | F131: 204909.3 | G131: 2830
D132: Borse di studio laureati e laureandi | E132: 98787
D133: Irap su borse studio | E133: 0
A135: 143 | B135: Spese organizzazione convegni, congressi | C135: 131096.19 | D135: Costi org. convegni, congressi, mostre, seminari | E135: 145805.81 | F135: 145805.81 | G135: 14709.62
D136: Servizi catering | E136: 0
A138: 144 | B138: Vigilanza locali | C138: 321874.07 | D138: Spese per vigilanza locali | E138: 312751.95 | F138: 312751.95 | G138: -9122.12
A140: 145 | B140: Premi assicurazione | C140: 0 | F140: 981057.67 | G140: 981057.67
A142: 146 | B142: Premi assicurazione diversi | C142: 55730.85 | D142: Assicurazioni per resp.civile | E142: 55730.85 | F142: 55730.85 | G142: 0
D143: Assicurazioni per tutela legale | E143: 0
A145: 148 | B145: Spese liti, arbitraggi | C145: 208192.09 | D145: Spese per liti patrocinio legale | E145: 87467.99 | F145: 87467.99 | G145: -120724.1
A147: 149 | B147: Spese bancarie | C147: 62546.58 | D147: Spese bancarie | E147: 157.9 | F147: 157.9 | G147: -62388.68
A149: 151 | B149: Spese incarichi collaborazione | C149: 0 | D149: Compensi rimb.spese co.co.co | E149: 0 | F149: 0 | G149: 0
D150: Contributi inps inpgi su co.co.co. | E150: 0
D151: Irap su co.co.co | E151: 0
A153: 152 | B153: Spese incarichi studio, ricerche e consulenze | C153: 0 | D153: Compensi e rimborsi spese incarichi professionali | E153: 0 | F153: 0 | G153: 0
...

Sheet Prosp.conc. patrimonio
A2: PROSPETTO CONCILIAZIONE CONTO DEL PATRIMONIO 2023
A4: CONTO DEL PATRIMONIO 2023 | C4: STATO PATRIMONIALE 2023 | E4: DIFFERENZA
A6: ATTIVO | C6: ATTIVO
A8: CONSISTENZA DI CASSA AL 31/12/2023 | B8: 2.1326567e+08 | C8: DEPOSITI BANCARI E POSTALI | D8: 2.1326567e+08 | E8: 0
A10: RESIDUI ATTIVI | B10: 390454.99 | C10: CREDITI | D10: 390454.99 | E10: 0
C11: Crediti verso esercenti | D11: 0
C12: Crediti verso dipendenti | D12: 353857.86
C13: Crediti verso banche | D13: 0
C14: Crediti diversi | D14: 1463.5
C15: Crediti verso fornitori | D15: 0
C16: Crediti c/terzi | D16: 35133.63
A19: IMMOBILIZZAZIONI IMMATERIALI | B19: 0 | C19: IMMOBILIZZAZIONI IMMATERIALI | D19: 0 | E19: 0
A21: IMMOBILIZZAZIONI MATERIALI | C21: IMMOBILIZZAZIONI MATERIALI
A22: Fabbricati | B22: 43693520 | C22: Fabbricati | D22: 43693520
A23: Attrezzature informatiche | B23: 27844.43 | C23: Hardware e software | D23: 27844.43
A24: Mobili e arredi | B24: 39357.28 | C24: Mobili e arredi | D24: 39357.28
A25: Impianti | B25: 131856.93 | C25: Impianti | D25: 131856.93
A26: Macchine d'ufficio | B26: 0 | C26: Macchine d'ufficio | D26: 0
A27: Materiale bibliografico | B27: 1634960.4 | C27: Patrimonio librario | D27: 1634960.4
A29: IMMOBILIZZAZIONI MATERIALI | B29: 45527540 | C29: IMMOBILIZZAZIONI MATERIALI | D29: 45527540 | E29: 0
A31: TOTALE ATTIVO: | B31: 2.5918367e+08 | C31: TOTALE ATTIVO: | D31: 2.5918367e+08 | E31: 0
A34: PASSIVO: | C34: PASSIVO:
A36: RESIDUI PASSIVI: | B36: 64041594 | C36: DEBITI | D36: 62004340 | E36: 2037254.1
A39: ACCANTONAMENTO TRATTAMENTO DI QUIESCENZA | B39: 27062162 | C39: FONTO TFR-IFR | D39: 27062162 | E39: 0
A41: FONDI PER RISCHI ED ONERI | B41: 11174308 | C41: FONDI PER RISCHI ED ONERI | D41: 11174308 | E41: 0
A43: ALTRI FONDI ACCANTONATI | B43: 30562850 | C43: ALTRI FONDI ACCANTONATI | D43: 0 | E43: 30562850
A46: PATRIMONIO NETTO: | C46: PATRIMONIO NETTO:
A47: Fondo compensazione entrate | B47: 65000000 | C47: Fondo compensazione entrate | D47: 65000000
A48: Consistenza patrimoniale | B48: 45527540 | C48: Riserva di gestione | D48: 92921027
A49: Avanzo di amministrazione libero | B49: 15815216 | C49: Risultato dell'esercizio | D49: 1021833
A51: TOTALE PATRIMONIO NETTO: | B51: 1.2634276e+08 | C51: PATRIMONIO NETTO | D51: 1.5894286e+08 | E51: -32600104
A53: TOTALE PASSIVO | B53: 2.5918367e+08 | C53: TOTALE PASSIVO | D53: 2.5918367e+08 | E53: 0

Sheet indicatori di bilancio
A1: Rendiconto della gestione 2023 - Piano degli indicatori | B1: anno 2023
A4: A) Indicatori di struttura del bilancio di previsione
A6: 1) Incidenza spesa corrente su spesa totale | B6: 0.99390942
A7: Spesa corrente | B7: 1.2438225e+08
A8: Spesa totale | B8: 1.2514446e+08
A10: 2) Incidenza spesa per investimenti su spesa totale | B10: 0.0060905848
A11: Spesa per investimenti | B11: 762202.92
A12: Spesa totale | B12: 1.2514446e+08
A14: 3) Incidenza costo per il personale su spese correnti | B14: 0.82330876
A15: Costo del personale (al netto accantonamenti fondi quiescenza) | B15: 1.02405e+08
A16: Spesa corrente | B16: 1.2438225e+08
A18: 4) Incidenza spesa per acquisti di beni e servizi sulla spesa corrente | B18: 0.11131323
A19: Spesa per acquisto beni e servizi | B19: 13845390
A20: Spesa corrente | B20: 1.2438225e+08
... A24: Spesa corrente | B24: 1.2438225e+08
A27: B) Indicatori di copertura e di equilibrio di bilancio
A29: 6) Incidenza copertura spese con trasferimenti dallo Stato | B29: 0
A30: Trasferimenti dallo Stato | B30: 0
A31: Spesa totale | B31: 1.2514446e+08
A33: 7) Incidenza copertura spese con entrate proprie | B33: 1.1539855
A34: Entrate proprie | B34: 1.4441489e+08
A35: Spesa totale | B35: 1.2514446e+08
A37: 8) Indice di copertura spese con fondi propri | B37: 0.023034284
A38: Fondi propri | B38: 2882612.9
A39: Spesa totale | B39: 1.2514446e+08
A42: C) Indicatori di rigidità di bilancio
A44: 9) Incidenza del costo del personale sulle entrate correnti | B44: 0.70910276
A45: Costo del personale (al netto accantonamenti fondi quiescenza) | B45: 1.02405e+08
A46: Entrate correnti | B46: 1.4441489e+08
A48: 10) Incidenza della spesa per acquisti di beni e servizi sulle entrate correnti | B48: 0.095872315
A49: Spesa per acquisto beni e servizi | B49: 13845390
A50: Entrate correnti | B50: 1.4441489e+08
A52: 11) Incidenza spesa per versamenti al bilancio dello Stato su entrate correnti | B52: 0.038644401
A53: Spesa per versamenti al bilancio dello Stato | B53: 5580826.9
A54: Entrate correnti | B54: 1.4441489e+08
A57: D) Indicatori di incidenza delle missioni di spesa
A59: 12) Incidenza delle missioni istituzionali sulla spesa totale | B59: 0.92655774
A60: Missioni A - B - C - D2 | B60: 1.1595356e+08
A61: Spesa totale | B61: 1.2514446e+08
A63: 13) Incidenza della missione servizi generali sulla spesa totale | B63: 0.0089097036
A64: Missione D1: Servizi istituzionali | B64: 1115000
A65: Spesa totale | B65: 1.2514446e+08
A67: 14) Incidenza della missione Fondi da ripartire sulla spesa totale | B67: 0.064532561
A68: Missione E: Fondi da ripartire | B68: 8075892.2
A69: Spesa totale | B69: 1.2514446e+08

Sheet Siope spese
A3: ANNO 2021- AUTORITA' DI REGOLAZIONE PER ENERGIA RETI E AMBIENTE - ARERA | F3: Dati SIOPE 2023 | G3: PAGAMENTI ARERA 2023 | H3: DELTA
A5: 1.00.00.00.000 Spese correnti | F5: 68961710 | G5: 68961710 | H5: 0
B7: 1.01.00.00.000 Redditi da lavoro dipendente | F7: 43991710 | G7: 43912779 | H7: -78931.72
C9: 1.01.01.00.000 Retribuzioni lorde | F9: 33221979 | G9: 33143047 | H9: -78931.72
D10: 1.01.01.01.001 | E10: Arretrati per anni precedenti corrisposti al personale a tempo indeterminato | F10: 1922921.4 | G10: 0 | H10: -1922921.4
D11: 1.01.01.01.002 | E11: Voci stipendiali corrisposte al personale a tempo indeterminato | F11: 26448577 | G11: 26448577 | H11: 0
D12: 1.01.01.01.003 | E12: Straordinario per il personale a tempo indeterminato | F12: 42524.52 | G12: 42524.52 | H12: 0
D13: 1.01.01.01.004 | E13: Indennita' ed altri compensi, esclusi i rimborsi spesa per missione, corrisposti al personale a tempo indeterminato | F13: 2550525.9 | G13: 2550525.9 | H13: 0
D14: 1.01.01.01.005 | E14: Arretrati per anni precedenti corrisposti al personale a tempo determinato | F14: 0 | G14: 0 | H14: 0
D15: 1.01.01.01.006 | E15: Voci stipendiali corrisposte al personale a tempo determinato | F15: 0 | G15: 1999476.8 | H15: 1999476.8
D16: 1.01.01.01.007 | E16: Straordinario per il personale a tempo determinato | F16: 5257.11 | G16: 5257.11 | H16: 0
D17: 1.01.01.01.008 | E17: Indennita' ed altri compensi, esclusi i rimborsi spesa documentati per missione, corrisposti al personale a tempo determinato | F17: 170485.01 | G17: 170485.01 | H17: 0
D18: 1.01.01.01.009 | E18: Assegni di ricerca | F18: 100851.15 | G18: 100851.15 | H18: 0
D19: 1.01.01.02.001 | E19: Contributi per asili nido e strutture sportive, ricreative o di vacanza messe a disposizione dei lavoratori dipendenti e delle loro famiglie e altre spese per il benessere del personale | F19: 27344.27 | G19: 27344.27 | H19: 0
D20: 1.01.01.02.002 | E20: Buoni pasto | F20: 283934.26 | G20: 283934.26 | H20: 0
D21: 1.01.01.02.999 | E21: Altre spese per il personale n.a.c. | F21: 1669557.8 | G21: 1514070.6 | H21: -155487.17
C23: 1.01.02.00.000 Contributi sociali a carico dell'ente | F23: 10769732 | G23: 10769732 | H23: 0
D24: 1.01.02.01.001 | E24: Contributi obbligatori per il personale | F24: 7963778.3 | G24: 7963778.3 | H24: 0
D25: 1.01.02.01.002 | E25: Contributi previdenza complementare | F25: 1678179.3 | G25: 1678179.3 | H25: 0
D26: 1.01.02.01.003 | E26: Contributi per Indennita' di fine rapporto erogata tramite INPS | F26: 0 | G26: 0 | H26: 0
D27: 1.01.02.02.001 | E27: Assegni familiari | F27: 0 | G27: 0 | H27: 0
D28: 1.01.02.02.004 | E28: Oneri per il personale in quiescenza | F28: 0 | G28: 0 | H28: 0
D29: 1.01.02.02.999 | E29: Contributi erogati direttamente al proprio personale n.a.c. | F29: 1127773.9 | G29: 1127773.9 | H29: 0
B31: 1.02.00.00.000 Imposte e tasse a carico dell'ente | F31: 2783838.1 | G31: 2783838.1 | H31: 0
C33: 1.02.01.00.000 Imposte, tasse e proventi assimilati a carico dell'ente | F33: 2783838.1 | G33: 2783838.1 | H33: 0
D34: 1.02.01.01.001 | E34: Imposta regionale sulle attivita' produttive (IRAP) | F34: 2748077.2 | G34: 2748077.2 | H34: 0
D35: 1.02.01.02.001 | E35: Imposta di registro e di bollo | F35: 35760.87 | G35: 35760.87 | H35: 0
B37: 1.03.00.00.000 Acquisto di beni e servizi | F37: 12779053 | G37: 12857985 | H37: 78931.72
C39: 1.03.01.00.000 Acquisto di beni | F39: 113171.75 | G39: 113171.75 | H39: 0
D40: 1.03.01.01.001 | E40: Giornali e riviste | F40: 0 | G40: 0 | H40: 0
D41: 1.03.01.01.002 | E41: Pubblicazioni | F41: 0 | G41: 0 | H41: 0
D42: 1.03.01.02.001 | E42: Carta, cancelleria e stampati | F42: 3547.7 | G42: 3547.7 | H42: 0
D43: 1.03.01.02.002 | E43: Carburanti, combustibili e lubrificanti | F43: 0 | G43: 0 | H43: 0
D44: 1.03.01.02.006 | E44: Materiale informatico | F44: 104773.45 | G44: 104773.45 | H44: 0
D45: 1.03.01.02.999 | E45: Altri beni e materiali di consumo n.a.c. | F45: 4850.6 | G45: 4850.6 | H45: 0
D46: 1.03.01.05.999 | E46: Altri beni e prodotti sanitari n.a.c. | F46: 0 | G46: 0 | H46: 0
C48: 1.03.02.00.000 Acquisto di servizi | F48: 12665881 | G48: 12744813 | H48: 78931.72
D49: 1.03.02.01.001 | E49: Organi istituzionali dell'amministrazione - Indennita' | F49: 1127550.7 | G49: 1127550.7 | H49: 0
D50: 1.03.02.01.008 | E50: Compensi agli organi istituzionali di revisione, di controllo ed altri incarichi istituzionali dell'amministrazione | F50: 242688.04 | G50: 242688.04 | H50: 0
D51: 1.03.02.02.001 | E51: Rimborso per viaggio e trasloco | F51: 405041.12 | G51: 405041.12 | H51: 0
D52: 1.03.02.02.002 | E52: Indennita' di missione e di trasferta | F52: 17689.57 | G52: 17689.57 | H52: 0
E53: Pubblicità | G53: 0 | H53: 0
D54: 1.03.02.02.005 | E54: Organizzazione e partecipazione a manifestazioni e convegni | F54: 89871.41 | G54: 128547.69 | H54: 38676.28
D55: 1.03.02.04.999 | E55: Acquisto di servizi per altre spese per formazione e addestramento n.a.c. | F55: 101339.9 | G55: 101339.9 | H55: 0
D56: 1.03.02.05.001 | E56: Telefonia fissa | F56: 106704.21 | G56: 106704.21 | H56: 0
D57: 1.03.02.05.002 | E57: Telefonia mobile | F57: 26927.04 | G57: 26927.04 | H57: 0
D58: 1.03.02.05.003 | E58: Accesso a banche dati e a pubblicazioni on line | F58: 282788.37 | G58: 282788.37 | H58: 0
D59: 1.03.02.05.004 | E59: Energia elettrica | F59: 210865.97 | G59: 210865.97 | H59: 0
D60: 1.03.02.05.005 | E60: Acqua | F60: 3639 | G60: 3639 | H60: 0
D61: 1.03.02.05.006 | E61: Gas | F61: 5178.17 | G61: 5178.17 | H61: 0
D62: 1.03.02.05.007 | E62: Spese di condominio | F62: 33211.14 | G62: 33211.14 | H62: 0
D63: 1.03.02.05.999 | E63: Utenze e canoni per altri servizi n.a.c. | F63: 12567.7 | G63: 12567.7 | H63: 0
D64: 1.03.02.07.001 | E64: Locazione di beni immobili | F64: 2308252.5 | G64: 2308252.5 | H64: 0
D65: 1.03.02.07.002 | E65: Noleggi di mezzi di trasporto | F65: 8869.48 | G65: 8869.48 | H65: 0
... D100: 1.03.02.99.999 | E100: Altri servizi diversi n.a.c. | F100: 0 | G100: 0 | H100: 0
B102: 1.04.00.00.000 Trasferimenti correnti | F102: 8075892.2 | G102: 8075892.2 | H102: 0
C104: 1.04.01.00.000 Trasferimenti correnti a Amministrazioni Pubbliche | F104: 5580826.9 | G104: 5580826.9 | H104: 0
D105: 1.04.01.01.020 | E105: Trasferimenti correnti al Ministero dell'economia in attuazione di norme in materia di contenimento di spesa | F105: 5580826.9 | G105: 5580826.9 | H105: 0
C107: 1.04.02.00.000 Trasferimenti correnti a Famiglie | F107: 2495065.3 | G107: 2495065.3 | H107: 0
D108: 1.04.02.01.002 | E108: Liquidazioni per fine rapporto di lavoro | F108: 0 | G108: 0 | H108: 0
D109: 1.04.02.05.999 | E109: Altri trasferimenti a famiglie n.a.c. | F109: 2495065.3 | G109: 2495065.3 | H109: 0
B111: 1.08.00.00.000 Altre spese per redditi da capitale | F111: 311.98 | G111: 311.98 | H111: 0
C113: 1.08.99.00.000 Altre spese per redditi da capitale n.a.c. | F113: 311.98 | G113: 311.98 | H113: 0
D114: 1.08.99.99.999 | E114: Altre spese per redditi da capitale n.a.c. | F114: 311.98 | G114: 311.98 | H114: 0
B116: 1.09.00.00.000 Rimborsi e poste correttive delle entrate | F116: 1275173.8 | G116: 1275173.8 | H116: 0
C118: 1.09.01.00.000 Rimborsi per spese di personale (comando, distacco, fuori ruolo, convenzioni, ecc_x001A_) | F118: 1089396.8 | G118: 1089396.8 | H118: 0
D119: 1.09.01.01.001 | E119: Rimborsi per spese di personale (comando, distacco, fuori ruolo, convenzioni, ecc_x001A_) | F119: 1089396.8 | G119: 1089396.8 | H119: 0
C121: 1.09.99.00.000 Altri Rimborsi di parte corrente di somme non dovute o incassate in eccesso | F121: 185777.07 | G121: 185777.07 | H121: 0
D122: 1.09.99.05.001 | E122: Rimborsi di parte corrente a Imprese di somme non dovute o incassate in eccesso | F122: 185777.07 | G122: 185777.07 | H122: 0
B124: 1.10.00.00.000 Altre spese correnti | F124: 55730.85 | G124: 55730.85 | H124: 0
C126: 1.10.04.00.000 Premi di assicurazione | F126: 55730.85 | G126: 55730.85 | H126: 0
D127: 1.10.04.01.002 | E127: Premi di assicurazione su beni immobili | F127: 0 | G127: 0 | H127: 0
D128: 1.10.04.01.003 | E128: Premi di assicurazione per responsabilita' civile verso terzi | F128: 0 | G128: 0 | H128: 0
D129: 1.10.04.99.999 | E129: Altri premi di assicurazione n.a.c. | F129: 55730.85 | G129: 55730.85 | H129: 0
A131: 2.00.00.00.000 Spese in conto capitale | F131: 585619.37 | G131: 585619.37 | H131: 0
B133: 2.02.00.00.000 Investimenti fissi lordi e acquisto di terreni | F133: 585619.37 | G133: 585619.37 | H133: 0
C135: 2.02.01.00.000 Beni materiali | F135: 585619.37 | G135: 585619.37 | H135: 0
D136: 2.02.01.03.001 | E136: Mobili e arredi per ufficio | F136: 0 | G136: 0 | H136: 0
D137: 2.02.01.04.002 | E137: Impianti | F137: 0 | G137: 0 | H137: 0
D138: 2.02.01.07.001 | E138: Server | F138: 0 | G138: 0 | H138: 0
D139: 2.02.01.07.999 | E139: Hardware n.a.c. | F139: 5187.55 | G139: 5187.55 | H139: 0
D140: 2.02.01.09.019 | E140: Fabbricati ad uso strumentale | F140: 385496.72 | G140: 385496.72 | H140: 0
D141: 2.02.01.99.001 | E141: Materiale bibliografico | F141: 194935.1 | G141: 194935.1 | H141: 0
C143: 2.02.03.00.000 Beni immateriali | F143: 0 | G143: 0 | H143: 0
D144: 2.02.03.02.002 | E144: Acquisto software | F144: 0 | G144: 0 | H144: 0
A146: 7.00.00.00.000 Uscite per conto terzi e partite di giro (conti transitori) | F146: 18058117 | G146: 18058117 | H146: 0
B148: 7.01.00.00.000 Uscite per partite di giro | F148: 18058117 | G148: 18058117 | H148: 0
C150: 7.01.01.00.000 Versamenti di altre ritenute | F150: 1909326.5 | G150: 1909326.5 | H150: 0
D151: 7.01.01.02.001 | E151: Versamento delle ritenute per scissione contabile IVA (split payment) | F151: 1759179 | G151: 1759179 | H151: 0
D152: 7.01.01.99.999 | E152: Versamento di altre ritenute n.a.c. | F152: 150147.47 | G152: 150147.47 | H152: 0
C154: 7.01.02.00.000 Versamenti di ritenute su Redditi da lavoro dipendente | F154: 12453978 | G154: 12453978 | H154: 0
D155: 7.01.02.01.001 | E155: Versamenti di ritenute erariali su Redditi da lavoro dipendente riscosse per conto terzi | F155: 11977032 | G155: 11977032 | H155: 0
D156: 7.01.02.02.001 | E156: Versamenti di ritenute previdenziali e assistenziali su Redditi da lavoro dipendente riscosse per conto terzi | F156: 0 | G156: 0 | H156: 0
D157: 7.01.02.99.999 | E157: Altri versamenti di ritenute al personale dipendente per conto di terzi | F157: 476945.52 | G157: 476945.52 | H157: 0
C159: 7.01.03.00.000 Versamenti di ritenute su Redditi da lavoro autonomo | F159: 3047725.4 | G159: 3047725.4 | H159: 0
D160: 7.01.03.01.001 | E160: Versamenti di ritenute erariali su Redditi da lavoro autonomo per conto terzi | F160: 59301.99 | G160: 59301.99 | H160: 0
D161: 7.01.03.02.001 | E161: Versamenti di ritenute previdenziali e assistenziali su Redditi da lavoro autonomo per conto terzi | F161: 2988423.4 | G161: 2988423.4 | H161: 0
D162: 7.01.03.99.999 | E162: Altri versamenti di ritenute al personale con contratto di lavoro autonomo per conto di terzi | F162: 0 | G162: 0 | H162: 0
C164: 7.01.99.00.000 Altre uscite per partite di giro | F164: 647087 | G164: 647087 | H164: 0
D165: 7.01.99.01.001 | E165: Spese non andate a buon fine | F165: 18796.99 | G165: 18796.99 | H165: 0
...

Sheet Siope entrate
A2: ANNO 2021 - AUTORITA' DI REGOLAZIONE PER ENERGIA RETI E AMBIENTE - ARERA | F2: Dati SIOPE 2023 | G2: INCASSI ARERA 2023 | H2: DELTA
A4: 1.00.00.00.000 Entrate correnti di natura tributaria, contributiva e perequativa | F4: 1.4584334e+08 | G4: 91074920 | H4: -54768423
B6: 1.01.00.00.000 Tributi | F6: 1.4584334e+08 | G6: 91074920 | H6: -54768423
C8: 1.01.01.00.000 Imposte, tasse e proventi assimilati | F8: 1.4584334e+08 | G8: 91074920 | H8: -54768423
D9: 1.01.01.99.001 | E9: Altre imposte, tasse e proventi assimilati n.a.c. riscosse a seguito dell'attivita' ordinaria di gestione | F9: 1.4571375e+08 | G9: 90657269 | H9: -55056486
D10: 1.01.01.99.002 | E10: Altre imposte, tasse e proventi assimilati n.a.c. riscosse a seguito di attivita' di verifica e controllo | F10: 129588.64 | G10: 417651.29 | H10: 288062.65
A12: 2.00.00.00.000 Trasferimenti correnti | F12: 0 | G12: 0 | H12: 0
B14: 2.01.00.00.000 Trasferimenti correnti | F14: 0 | G14: 0 | H14: 0
C16: 2.01.01.00.000 Trasferimenti correnti da Amministrazioni pubbliche | F16: 0 | G16: 0 | H16: 0
D17: 2.01.01.01.010 | E17: Trasferimenti correnti da autorita' amministrative indipendenti | F17: 0 | G17: 0 | H17: 0
A19: 3.00.00.00.000 Entrate extratributarie | F19: 370681.04 | G19: 55128412 | H19: 54757731
B21: 3.03.00.00.000 Interessi attivi | F21: 7943.99 | G21: 7943.99 | H21: 0
C23: 3.03.03.00.000 Altri interessi attivi | F23: 7943.99 | G23: 7943.99 | H23: 0
D24: 3.03.03.03.001 | E24: Interessi attivi da conti di tesoreria | F24: 662.37 | G24: 272.03 | H24: -390.34
D25: 3.03.03.04.001 | E25: Interessi attivi da depositi bancari o postali | F25: 1807.22 | G25: 2197.56 | H25: 390.34
D26: 3.03.03.00.333 | E26: Altri interessi attivi da altri soggetti | F26: 5474.4 | G26: 5474.4 | H26: 0
B28: 3.05.00.00.000 Rimborsi e altre entrate correnti | F28: 362737.05 | G28: 55120468 | H28: 54757731
C30: 3.05.02.00.000 Rimborsi in entrata | F30: 362737.05 | G30: 55120468 | H30: 54757731
D31: 3.05.02.01.001 | E31: Rimborsi ricevuti per spese di personale (comando, distacco, fuori ruolo, convenzioni, ecc.) | F31: 57030.11 | G31: 47475.59 | H31: -9554.52
D32: 3.05.02.03.004 | E32: Entrate da rimborsi, recuperi e restituzioni di somme non dovute o incassate in eccesso da Famiglie | F32: 237997.56 | G32: 237997.56 | H32: 0
D33: 3.05.02.03.005 | E33: Entrate da rimborsi, recuperi e restituzioni di somme non dovute o incassate in eccesso da imprese | F33: 0 | G33: 54767285 | H33: 54767285
D34: 3.05.02.03.008 | E34: Entrate da rimborsi, recuperi e restituzioni di somme non dovute o incassate in eccesso dal Resto del mondo | F34: 67709.38 | G34: 67709.38 | H34: 0
A36: 9.00.00.00.000 Entrate per conto terzi e partite di giro (conti transitori) | F36: 18511469 | G36: 18522161 | H36: 10692.52
B38: 9.01.00.00.000 Entrate per partite di giro | F38: 18511469 | G38: 18522161 | H38: 10692.52
C40: 9.01.01.00.000 Altre ritenute | F40: 2070323.3 | G40: 2070323.3 | H40: 0
D41: 9.01.01.02.001 | E41: Ritenute per scissione contabile IVA (split payment) | F41: 1927022.4 | G41: 1927022.4 | H41: 0
D42: 9.01.01.99.999 | E42: Altre ritenute n.a.c. | F42: 143300.87 | G42: 143300.87 | H42: 0
C44: 9.01.02.00.000 Ritenute su redditi da lavoro dipendente | F44: 15736366 | G44: 15736366 | H44: 0
D45: 9.01.02.01.001 | E45: Ritenute erariali su redditi da lavoro dipendente per conto terzi | F45: 12174823 | G45: 12174823 | H45: 0
D46: 9.01.02.02.001 | E46: Ritenute previdenziali e assistenziali su redditi da lavoro dipendente per conto terzi | F46: 3076575.4 | G46: 3076575.4 | H46: 0
D47: 9.01.02.99.999 | E47: Altre ritenute al personale dipendente per conto di terzi | F47: 484968.03 | G47: 484968.03 | H47: 0
C49: 9.01.03.00.000 Ritenute su redditi da lavoro autonomo | F49: 68385 | G49: 68385 | H49: 0
D50: 9.01.03.01.001 | E50: Ritenute erariali su redditi da lavoro autonomo per conto terzi | F50: 68385 | G50: 68385 | H50: 0
C52: 9.01.99.00.000 Altre entrate per partite di giro | F52: 636394.48 | G52: 647087 | H52: 10692.52
D53: 9.01.99.01.001 | E53: Entrate a seguito di spese non andate a buon fine | F53: 18796.99 | G53: 18796.99 | H53: 0
D54: 9.01.99.03.001 | E54: Rimborso di fondi economali e carte aziendali | F54: 0 | G54: 0 | H54: 0
D55: 9.01.99.99.999 | E55: Altre entrate per partite di giro diverse | F55: 617597.49 | G55: 628290.01 | H55: 10692.52
A56: Incassi da regolarizzare | F56: 0 | G56: 0 | H56: 0
D57: 0.00.00.99.999 | E57: ALTRI INCASSI DA REGOLARIZZARE (riscossioni codificate dal cassiere) | F57: 0 | G57: 0 | H57: 0
A59: TOTALE INCASSI 2023 | F59: 1.6472549e+08 | G59: 1.6472549e+08 | H59: 0
H60: 0
